 Dungeon Crawl Stone Soup version 0.32-a0-928-g1cae6b7ea0 (webtiles) character file.

Game seed: 10528788461079077223

11698015 bobo the Conqueror (level 27, 238/273 HPs)
             Began as a Mountain Dwarf Fighter on Apr 3, 2024.
             Was the Champion of the Shining One.
             Escaped with the Orb
             ... and 15 runes on Apr 13, 2024!
             The game lasted 11:37:57 (139562 turns).

bobo the Conqueror (Mountain Dwarf Fighter)       Turns: 139562, Time: 11:37:57

Health: 238/273    AC: 56    Str: 32    XL:     27
Magic:  45/45      EV: 16    Int: 35    God:    the Shining One [******]
Gold:   6998       SH: 23    Dex: 18    Spells: 4/62 levels left

rFire   + + .        w - +9 sacred scourge (holy)
rCold   + + .        Z - +5 Storm Queen's Shield {shock, Fly rElec}
rNeg    + + +        b - +8 orange crystal plate armour {Archmagi, Int+3 Clar}
rPois   +            f - +2 helmet {Int+3}
rElec   +            m - +2 cloak "Upocai" {^Contam rF+++ Dex+5}
rCorr   +            U - +2 pair of gloves "Qecoude" {Will+++ Dex+3}
SInv    .            P - +2 pair of boots {rampage}
Will    +++++        J - amulet of Muchon {Acrobat rPois rCorr Int+5 Dex-3} Stlth
                     B - ring "Gyhifizo" {rC+ rN++ Str+2 Dex+6}
HPRegen 0.65/turn    K - ring of No Interval {rPois Str+6 Int+6}
MPRegen 0.29/turn

%: acrobat, clarity, rampage, archmagi
@: flying, glowing, studying Stealth
A: runic magic, artefact enchanting, berserk 2, clumsy 1, cold resistance 1,
poison resistance, heat vulnerability 1
0: Orb of Zot
}: 15/15 runes: barnacled, slimy, silver, golden, iron, obsidian, icy, bone,
abyssal, demonic, glowing, magical, fiery, dark, gossamer
a: Renounce Religion, Divine Shield, Cleansing Flame, Summon Divine Warrior


You escaped.
You worshipped the Shining One.
The Shining One was exalted by your worship.
You visited 18 branches of the dungeon, and saw 88 of its levels.
You visited Pandemonium 2 times, and saw 14 of its levels.
You visited the Abyss 3 times.
You also visited: Bailey, Ice Cave and Volcano.

You collected 19116 gold pieces.
You spent 12118 gold pieces at shops.

Inventory:

Hand Weapons
 q - the +9 morningstar of Cosso {flame, rC+ Int+3 SInv}
   (You took it off a hell knight on level 5 of the Vaults)

   Int+3:     It affects your intelligence (+3).
   rC+:       It protects you from cold.
   SInv:      It lets you see invisible.
 w - a +9 sacred scourge of holy wrath (weapon)
Missiles
 c - 8 boomerangs
 s - 23 javelins
 H - 4 throwing nets
 T - 6 silver javelins
Armour
 b - the +8 orange crystal plate armour (worn) {Archmagi, Int+3 Clar}
   (You bought it in a shop on level 2 of the Orcish Mines)

   Int+3:     It affects your intelligence (+3).
   Clar:      It protects you from confusion, rage, mesmerisation and fear.
 f - a +2 helmet of intelligence (worn)
 m - the +2 cloak "Upocai" (worn) {^Contam rF+++ Dex+5}
   (You bought it in a shop on level 3 of the Vaults)

   Dex+5:     It affects your dexterity (+5).
   rF+++:     It renders you almost immune to fire.
   ^Contam:   It causes magical contamination when unequipped.
 p - a +8 tower shield
 P - a +2 pair of boots of rampaging (worn)
 U - the +2 pair of gloves "Qecoude" (worn) {Will+++ Dex+3}
   (You acquired it on level 1 of the Vaults)

   Dex+3:     It affects your dexterity (+3).
   Will+++:   It greatly increases your willpower.
 Z - the +5 Storm Queen's Shield (worn) {shock, Fly rElec}
   (You found it on level 3 of the Tomb of the Ancients)

   Shock:     When it blocks an attack, it may electrocute the attacker.
   This works even against foes who are a short distance away.
   rElec:     It insulates you from electricity.
   Fly:       It grants you flight.
Jewellery
 t - a ring of protection from fire
 u - the ring "Igurhom" {Ice Int+3 Slay+3 Stlth-}
   (You found it on level 2 of the Elven Halls)

   [ring of ice]

   Ice:       It enhances your ice magic.
   Int+3:     It affects your intelligence (+3).
   Slay+3:    It affects your accuracy & damage with ranged weapons and melee
   (+3).
   rF-:       It makes you vulnerable to fire.
   rC+:       It protects you from cold.
   Stlth-:    It makes you less stealthy.
 B - the ring "Gyhifizo" (left hand) {rC+ rN++ Str+2 Dex+6}
   (You found it on level 3 of the Crypt)

   [ring of dexterity]

   Str+2:     It affects your strength (+2).
   Dex+6:     It affects your dexterity (+6).
   rC+:       It protects you from cold.
   rN++:      It greatly protects you from negative energy.
 J - the amulet of Muchon (around neck) {Acrobat rPois rCorr Int+5 Dex-3}
   (You found it on level 2 of the Vaults)

   [amulet of the acrobat]

   Acrobat:   It increases your evasion while moving and waiting.
   Int+5:     It affects your intelligence (+5).
   Dex-3:     It affects your dexterity (-3).
   rPois:     It protects you from poison.
   rCorr:     It protects you from acid and corrosion.
 K - the ring of No Interval (right hand) {rPois Str+6 Int+6}
   (You found it on level 3 of the Tomb of the Ancients)

   [ring of intelligence]

   Str+6:     It affects your strength (+6).
   Int+6:     It affects your intelligence (+6).
   rPois:     It protects you from poison.
 X - a ring of resist corrosion
Wands
 i - a wand of polymorph (32)
 j - a wand of mindburst (51)
 l - a wand of light (44)
 n - a wand of warping (74)
 y - a wand of paralysis (84)
 E - a wand of digging (21)
 V - a wand of flame (14)
Scrolls
 a - a scroll of silence
 g - a scroll of poison
 k - 23 scrolls of teleportation
 x - 4 scrolls of brand weapon
 C - 4 scrolls of enchant weapon
 D - 5 scrolls of amnesia
 F - 2 scrolls of fog
 M - a scroll of enchant armour
 N - 6 scrolls of fear
Potions
 e - 15 potions of curing
 h - 2 potions of mutation
 o - a potion of enlightenment
 r - 12 potions of berserk rage
 z - 2 potions of ambrosia
 A - 11 potions of brilliance
 G - 2 potions of resistance
 I - a potion of might
 L - a potion of haste
 O - 4 potions of magic
 Q - 5 potions of cancellation
 R - a potion of heal wounds
Miscellaneous
 d - a condenser vane
 v - a figurine of a ziggurat
 S - a Gell's gravitambourine (2/2)
 W - a lightning rod (4/4)
 Y - a sack of spiders


   Skills:
 O Level 27 Fighting
 - Level 0.2(18.0) Axes
 O Level 27 Maces & Flails
 - Level 11.7 Throwing
 O Level 27 Armour
 - Level 16.9 Dodging
 - Level 5.2 Stealth
 O Level 27 Shields
 + Level 18.0 Spellcasting
 - Level 11.6 Hexes
 - Level 11.0 Summonings
 + Level 19.5 Translocations
 - Level 8.0 Air Magic
 - Level 6.0 Earth Magic
 - Level 5.0 Alchemy
 O Level 27 Invocations
 + Level 23.5 Evocations


You had 4 spell levels left.
You knew the following spells:

 Your Spells              Type           Power      Damage    Failure   Level
a - Vhi's Electric Charg  Tloc/Air       100%       N/A       1%          4
c - Animate Armour        Summ/Erth      100%       N/A       1%          4
d - Dispersal             Tloc           64%        N/A       1%          6
g - Passage of Golubria   Tloc           100%       N/A       0%          4
p - Maxwell's Portable P  Tloc           100%       2d(15-43) 0%          3
r - Swiftness             Air            92%        N/A       1%          3
s - Gell's Gavotte        Tloc           64%        2d(40-59) 1%          6
v - Summon Cactus Giant   Summ           52%        N/A       2%          6
w - Passwall              Erth           84%        N/A       1%          3
x - Manifold Assault      Tloc           64%        N/A       1%          7
y - Yara's Violent Unrav  Hex/Alch       47%        3d18      1%          5
S - Silence               Hex/Air        50%        N/A       1%          5
Z - Blink                 Tloc           100%       N/A       0%          2

Your spell library contained the following spells:

 Spells                   Type           Power      Damage    Failure   Level
 Lesser Beckoning         Tloc           100%       N/A       0%          2
 Teleport Other           Tloc           100%       N/A       0%          3
 Foxfire                  Conj/Fire      100%       2x1d9     1%          1
 Freeze                   Ice            100%       1d10      1%          1
 Kiss of Death            Conj/Necr      100%       2d13      1%          1
 Magic Dart               Conj           100%       1d8       1%          1
 Sandblast                Erth           100%       2d20      1%          1
 Shock                    Conj/Air       100%       1d9       1%          1
 Sting                    Conj/Alch      100%       1d9       1%          1
 Summon Small Mammal      Summ           100%       N/A       1%          1
 Call Imp                 Summ           100%       N/A       1%          2
 Cigotuvi's Dreadful Rot  Necr/Alch/Air  100%       N/A       1%          2
 Ensorcelled Hibernation  Hex/Ice        100%       N/A       1%          2
 Jinxbite                 Hex            100%       N/A       1%          2
 Mercury Vapours          Alch/Air       100%       N/A       1%          2
 Momentum Strike          Conj/Tloc      100%       3d10      1%          2
 Static Discharge         Conj/Air       100%       3-8/arc   1%          2
 Call Canine Familiar     Summ           100%       N/A       1%          3
 Confusing Touch          Hex            100%       N/A       1%          3
 Dazzling Flash           Conj/Hex       100%       N/A       1%          3
 Mephitic Cloud           Conj/Alch/Air  75%        N/A       1%          3
 Sigil of Binding         Hex            100%       N/A       1%          3
 Stone Arrow              Conj/Erth      100%       3d13      1%          3
 Summon Ice Beast         Ice/Summ       81%        N/A       1%          3
 Volatile Blastmotes      Fire/Tloc      100%       2d18      1%          3
 Airstrike                Air            46%        2d(7-23)  1%          4
 Dimensional Bullseye     Hex/Tloc       59%        N/A       1%          4
 Iskenderun's Mystic Bla  Conj/Tloc      100%       2d19      (+2d11%     4
 Leda's Liquefaction      Alch/Erth      40%        N/A       1%          4
 Olgreb's Toxic Radiance  Alch           79%        N/A       1%          4
 Petrify                  Alch/Erth      81%        N/A       1%          4
 Summon Blazeheart Golem  Fire/Summ      81%        N/A       1%          4
 Summon Lightning Spire   Summ/Air       98%        N/A       1%          4
 Scorch                   Fire           94%        2d8       2%          2
 Sublimation of Blood     Necr           47%        N/A       2%          2
 Frozen Ramparts          Ice            94%        1d15      4%          3
 Hailstorm                Conj/Ice       47%        3d10      4%          3
 Ozocubu's Armour         Ice            47%        N/A       4%          3
 Brom's Barrelling Bould  Conj/Erth      68%        2d8       4%          4
 Fulminant Prism          Conj/Alch      32%        3d16      5%          4
 Ignite Poison            Fire/Alch      65%        N/A       5%          4
 Sticky Flame             Fire/Alch      65%        2d11      5%          4
 Animate Dead             Necr           47%        N/A       16%         4
 Dispel Undead            Necr           47%        3d18      16%         4
 Flame Wave               Conj/Fire      47%        2d12      16%         4
 Summon Forest            Summ/Tloc      59%        N/A       1%          5
 Summon Mana Viper        Hex/Summ       100%       N/A       1%          5
 Lee's Rapid Deconstruct  Erth           42%        3d20*     3%          5
 Disjunction              Tloc           64%        N/A       3%          8
 Metabolic Englaciation   Hex/Ice        41%        N/A       4%          5
 Alistair's Intoxication  Alch           52%        N/A       5%          5
 Arcjolt                  Conj/Air       36%        1d46      9%          5
 Enfeeble                 Hex            53%        N/A       11%         7
 Borgnjor's Vile Clutch   Necr/Erth      34%        N/A       13%         5
 Freezing Cloud           Conj/Ice/Air   33%        6-21      14%         5
 Monstrous Menagerie      Summ           52%        N/A       14%         7
 Summon Hydra             Summ           52%        N/A       14%         7
 Irradiate                Conj/Alch      32%        3d22      16%         5
 Eringya's Noxious Bog    Alch           39%        4d6       30%         6
 Curse of Agony           Necr           47%        N/A       41%         5
 Fireball                 Conj/Fire      23%        3d11      41%         5
 Iskenderun's Battlesphe  Conj           47%        2d10      41%         5
 Conjure Ball Lightning   Conj/Air       36%        3x3d12    43%         6
 Plasma Beam              Fire/Air       36%        2x1d50    43%         6
 Bombard                  Conj/Erth      34%        9d6       56%         6
 Permafrost Eruption      Ice/Erth       34%        2x4d8     56%         6
 Sculpt Simulacrum        Ice/Alch       32%        N/A       65%         6
 Discord                  Hex            53%        N/A       65%         8
 Spellforged Servitor     Conj/Summ      40%        N/A       80%         7
 Starburst                Conj/Fire      23%        6d8       94%         6
 Maxwell's Capacitive Co  Air            46%        ∞         98%         8
 Orb of Destruction       Conj           23%        9d8       100%        7
 Ozocubu's Refrigeration  Ice            23%        4d12      100%        7
 Lehudib's Crystal Spear  Conj/Erth      34%        10d9      100%        8
 Chain Lightning          Conj/Air       36%        3d48      100%        9
 Fire Storm               Conj/Fire      23%        8d6       100%        9
 Shatter                  Erth           42%        3d33*     100%        9


Dungeon Overview and Level Annotations

Branches:
Dungeon (15/15)            Temple (1/1) D:6            Lair (5/5) D:10
 Shoals (4/4) Lair:3       Spider (4/4) Lair:2        Slime (5/5) Lair:5
    Orc (2/2) D:11            Elf (3/3) Orc:2        Vaults (5/5) D:13
  Crypt (3/3) Vaults:3       Tomb (3/3) Crypt:3      Depths (4/4) D:15
   Hell (visited)             Dis (7/7) Hell            Geh (7/7) Hell
    Coc (7/7) Hell            Tar (7/7) Hell            Zot (5/5) Depths:4
 Bailey (visited)           IceCv (visited)         Volcano (visited)

Altars:
Ashenzari
Cheibriados
Dithmenos
Elyvilon
Fedhas
Gozag
Hepliaklqana
Kikubaaqudgha
Makhleb
Nemelex Xobeh
Okawaru
Qazlal
Ru
Sif Muna
Trog
Uskayaw
Vehumet
Wu Jian
Xom
Yredelemnul
Zin
The Shining One
Beogh
Lugonu

Shops:
D:1 :   D:9 !   D:14 !(?[   Orc:1 !   Orc:2 [[??   Elf:1 !   Elf:2 :(
Shoals:4 ?   Vaults:2 [*   Vaults:3 [   Vaults:4 (   Vaults:5 !   Depths:3 (*
Depths:4 =?

Portals:
Hell: Depths:1 Depths:2 Depths:3 Depths:4
Abyss: Lair:5 Depths:2 Depths:3
Pandemonium: Depths:2
Ziggurat: Depths:4

Annotations:
D:8 4 transporters
D:14 2 transporters
Depths:4 exclusion: downstairs
Zot:5 6 transporters


Innate Abilities, Weirdness & Mutations

Your spellcasting is much less encumbered by armour.
You can use scrolls of enchantment on lesser artefacts.
You have an uncontrollable temper.
You are clumsy. (Dex -2)
Your flesh is cold resistant. (rC+)
Your system is resistant to poisons. (rPois)
You are vulnerable to heat. (rF-)


Message History

The sun demon convulses.
You whack the sun demon!
The sun demon convulses!!
Unknown command.
Casting: Manifold Assault (mildly dangerous; 1% risk of failure)
Confirm with . or Enter, or press ? or * to list all spells.
You feel a surge of power!
Space momentarily warps into an impossible shape!
You thrash the sun demon!!
You kill the sun demon!
The Shining One accepts your kill.
You feel better.
You feel your power returning.
You whack the sun demon!
The sun demon convulses!
You thrash the balrug!!
You kill the balrug!
The Shining One accepts your kill.
You feel better.
You feel your power returning. The sun demon completely misses you.
You see here a +1 demon whip of electrocution.
You punish the sun demon, causing immense pain!!!
You kill the sun demon!
The Shining One accepts your kill.
You feel better.
You feel your power returning.
You hear chittering from your sack of spiders.
It's ready.
What level of the Dungeon? (default 1, ? - help) You're already here!
You see here a +0 whip.
An Ice Fiend comes into view.
Aiming: Vhi's Electric Charge (safe; 1% risk of failure)
Press: ? - help, Q - select action, (/) - cycle Shift-Dir - straight line, f - Ice Fiend
Aim: an Ice Fiend (haloed, 97% to hit)
You feel a surge of power!
You charge forward with an electric crackle!
You punish the Ice Fiend, causing immense pain and electrocute it!!!!
The Ice Fiend convulses!!!
You kill the Ice Fiend!
The Shining One accepts your kill.
You feel better.
You feel your power returning.
There is a staircase leading out of the dungeon here.
You start resting.
Magic restored.
There is a staircase leading out of the dungeon here.
You have escaped!

#..####..##..⌠..#
#...###.####...##
.....##.# #####
..#....## .#######
## ### # ####
#.#####
#####..######.#...##
##.##...#.......@..#
###..##....###.....#
....######.# ##...##
..### ### #####
##############
..........##.#
.####.######.# ##
#..### #.# .# ##...#
#.#


There were no monsters in sight!

Vanquished Creatures
  Cerebov (Pan)
  Asmodeus (Geh:7)
  the Royal Jelly (Slime:5)
  Gloorx Vloq (Pan)
  Mnoleg (Pan)
  7 dread liches
  6 orbs of fire
  7 ancient liches
  A juggernaut (Depths:3)
  36 royal mummies
  Sojobo (Depths:1)
  The ghost of Jehehi the Devastator, a veteran DgCj (Depths:3)
  3 Killer Klowns (Zot:5)
  Bai Suzhen (Vaults:5)
  18 shard shrikes
  6 pandemonium lords (Pan)
  Saint Roka (Depths:2)
  4 curse toes
  8 caustic shrikes
  Geryon (Hell)
  9 golden dragons
  6 profane servitors
  6 bone dragons
  2 electric golems
  18 Tzitzimimeh
  An iron giant (Depths:2)
  3 doom hounds
  The ghost of Epoun the Warrior, an adept GrFi of Cheibriados (Crypt:2)
  The ghost of Gumuy the Crack Shot, an adept MiHu of Nemelex Xobeh (Depths:2)
  15 Brimstone Fiends
  26 tentacled monstrosities
  A spectral shard shrike (Tar:7)
  22 hellephants
  The ghost of Skular the Sorcerer, an adept DjCj of Dithmenos (Elf:2)
  Jorgrun (Spider:2)
  14 Hell Sentinels
  The ghost of Zuiczola the Eclecticist, an adept DrAl of Gozag (Vaults:4)
  Rupert (Orc:2)
  Asterion (Spider:1)
  25 Ice Fiends
  20 Orb Guardians
  20 titans
  7 liches
  3 tainted leviathans
  8 quicksilver dragons
  18 searing wretches
  2 deep elf blademasters
  9 sphinxes
  4 krakens
  28 Executioners
  2 deep elf master archers (Elf:3)
  18 acid blobs
  28 ancient champions
  Polyphemus (Shoals:3)
  7 shadow dragons
  13 tentacled starspawn
  Agnes (D:15)
  8 death cobs
  3 nagarajas (Pan)
  7 tengu reavers
  A daeva (Abyss:4)
  20 storm dragons
  Donald (Shoals:1)
  5 demonspawn warmongers (Pan)
  Roxanne (Shoals:2)
  9 rockslimes
  16 draconian monks
  10 azure jellies
  5 revenants
  16 frost giants
  3 draconian knights
  3 caustic shrike zombies
  5 draconian shifters
  23 fire giants
  11 protean progenitors
  7 deep elf sorcerers (Elf:3)
  5 iron dragons
  12 narguns
  7 quicksilver elementals
  3 emperor scorpions
  24 vault wardens
  4 deep elf elementalists
  A spectral juggernaut (Tar:4)
  Louise (Spider:2)
  12 ironbound preservers
  3 shard shrike simulacra
  3 orc warlords
  3 ghouls
  22 cacodemons
  2 draconian stormcallers
  5 ghost moths
  11 formless jellyfish
  47 balrugs
  21 stone giants
  7 draconian scorchers
  A juggernaut zombie (Tomb:3)
  7 draconian annihilators
  5 curse skulls
  30 reapers
  10 demonspawn blood saints (Pan)
  8 demonspawn corrupters (Pan)
  2 broodmothers (Spider:2)
  3 spriggan defenders
  8 ironbound thunderhulks
  14 caustic shrike skeletons
  14 quicksilver oozes
  7 juggernaut skeletons
  27 very ugly things
  7 vampire knights
  14 green draconians
  10 black draconians
  3 deep elf annihilators
  12 demonspawn black suns (Pan)
  6 deep elf demonologists
  17 elemental wellsprings
  13 purple draconians
  15 spark wasps
  15 white draconians
  5 bennus
  6 lorocyprocas (Pan)
  9 war gargoyles
  7 dire elephants
  2 bunyips (Pan)
  17 putrid mouths
  7 deep elf death magi
  15 wendigos
  19 red draconians
  4 spectral titans
  9 yellow draconians
  6 eidola
  29 blizzard demons
  15 ettins
  9 iron golems
  21 mummy priests
  15 fire dragons
  Josephine (D:10)
  8 yaktaur captains
  2 jiangshi (Crypt:2)
  An entropy weaver (shapeshifter) (D:8)
  19 green deaths
  5 merfolk javelineers
  6 merfolk impalers
  A quicksilver dragon zombie (Crypt:2)
  A spectral iron giant (Tar:1)
  2 deep elf high priests
  10 great orbs of eyes
  2 spriggan zombies
  2 spectral spriggans (Tar:2)
  6 entropy weavers
  5 rakshasas
  7 salamander tyrants
  4 hydras
  6 caustic shrike simulacra
  2 peacekeepers
  35 vault guards
  An alligator snapping turtle (Shoals:4)
  9 ice dragons
  6 spriggan air magi
  2 stokers (Geh:7)
  20 centaur warriors
  3 jorogumos
  3 catoblepae
  3 radroaches
  9 ironbound frosthearts
  2 ogre magi
  2 merfolk avatars (Shoals:4)
  5 death knights
  21 dancing weapons
  4 juggernaut simulacra
  8 boulder beetles
  4 spectral stone giants
  5 satyrs
  6 merfolk aquamancers
  2 tengu warriors (D:15)
  5 spriggan skeletons (Crypt:3)
  8 deep troll earth magi
  50 death scarabs
  6 deep troll shamans
  11 two-headed ogres
  16 death yaks
  2 occultists
  9 vampire magi
  A spectral naga (Tar:2)
  21 thrashing horrors
  5 spectral dire elephants
  34 hell hogs
  6 orc high priests
  2 titan zombies (Depths:3)
  87 sun demons
  29 demonic crawlers
  38 soul eaters
  7 deep elf knights
  2 shock serpents (Zot:2)
  10 spriggan berserkers
  3 hellephant skeletons (Pan)
  5 hell knights
  A storm dragon zombie (Depths:2)
  5 wretched stars
  3 titan skeletons
  A goliath frog (Depths:4)
  A spark wasp zombie (Crypt:2)
  4 crystal echidnas
  26 sixfirhies
  7 skysharks
  47 deep trolls
  3 iron trolls
  7 pharaoh ants
  14 shadow wraiths
  A cherub (Pan)
  9 sea snakes
  A spectral anaconda (Tar:1)
  A quicksilver dragon simulacrum (Coc:5)
  2 death drakes
  A glowing orange brain (shapeshifter) (Depths:2)
  2 bunyip zombies
  45 skeletal warriors
  6 deep elf archers
  7 flayed ghosts
  A golden dragon zombie (Depths:1)
  A spectral bunyip (Tar:2)
  An obsidian statue (Tomb:1)
  9 arcanists
  A bog body (Crypt:3)
  15 sun moths
  14 orb spiders
  57 large abominations
  2 spriggan simulacra
  An iron giant skeleton (Crypt:3)
  13 ironbound convokers
  17 shadow demons
  A shock serpent (shapeshifter) (Depths:4)
  6 steelbarb worms
  8 necromancers
  A nameless horror (Tar:5)
  7 phantasmal warriors
  7 lindwurms
  An anaconda skeleton (Crypt:3)
  3 swamp dragons (Zot:5)
  4 glowing orange brains
  20 harpies
  10 orc knights
  A shadow dragon skeleton (Crypt:1)
  A steelbarb worm (shapeshifter) (Vaults:5)
  2 thermic dynamos
  16 deep elf pyromancers
  An obsidian bat (Orc:2)
  15 deep elf zephyrmancers
  2 stone giant zombies
  8 shining eyes
  22 wolf spiders
  A broodmother zombie (Crypt:2)
  A cyclops (shapeshifter) (Depths:1)
  41 ugly things
  A harpy (shapeshifter) (Lair:5)
  15 manticores
  Maurice (D:7)
  6 orc sorcerers
  An alligator skeleton (Hell)
  A goliath frog zombie (Crypt:3)
  An oklob plant (Lair:3)
  22 fauns
  3 worldbinders
  An iron dragon skeleton (Crypt:3)
  A faun (shapeshifter) (Vaults:5)
  A spectral centaur (Tar:2)
  25 moths of wrath
  3 cyclopes
  A spectral ettin (Tar:1)
  A goliath frog skeleton (Crypt:2)
  A toenail golem (Pan)
  9 merfolk sirens
  2 rust devils
  An apocalypse crab (Abyss:4)
  A dire elephant zombie (Hell)
  A guardian serpent (shapeshifter) (Abyss:4)
  15 elephants
  2 kobold blastminers (Orc:2)
  69 smoke demons
  4 ice statues
  3 titan simulacra
  6 torpor snails
  4 water nymphs
  2 black mambas
  4 eyes of devastation
  3 naga zombies
  A human skeleton (Hell)
  11 cane toads
  22 vault sentinels
  A stone giant skeleton (Depths:1)
  An unseen horror (shapeshifter) (Vaults:5)
  11 komodo dragons
  Jeremiah (D:9)
  A gargoyle (D:11)
  3 centaur skeletons (Crypt:3)
  11 unseen horrors
  57 hellions
  Maggie (D:8)
  2 dire elephant skeletons
  11 efreet
  3 ice devils
  18 orange demons
  9 freezing wraiths
  A sea snake zombie (Hell)
  3 rime drakes
  28 yaktaurs
  3 tengu conjurers
  33 tormentors
  4 anaconda simulacra
  Psyche (D:10)
  A bunyip simulacrum (Coc:2)
  54 guardian mummies
  2 kobold demonologists
  A grey draconian skeleton (Crypt:1)
  3 ancient zymes
  A harpy zombie (Crypt:2)
  2 iron giant simulacra
  4 trolls
  5 catoblepas skeletons (Abyss:6)
  3 polar bears
  Prince Ribbit (D:9)
  A queen bee (shapeshifter) (D:13)
  9 red devils
  2 silent spectres
  4 wind drakes
  19 hellwings
  A polar bear (shapeshifter) (Lair:5)
  31 jumping spiders
  2 trolls (shapeshifter)
  A hydra skeleton (Crypt:3)
  14 hornets
  30 merfolk
  A queen bee (Lair:2)
  2 spectral harpies (Tar:5)
  17 tarantellas
  7 glass eyes
  A harpy skeleton (Crypt:3)
  17 raiju
  21 dream sheep
  20 blink frogs
  A tarantella zombie (Crypt:2)
  11 snapping turtles
  A frost giant simulacrum (Depths:2)
  A dream sheep (shapeshifter) (Vaults:5)
  3 stone giant simulacra
  A meliai zombie (Crypt:3)
  An air elemental (Elf:2)
  11 ushabtiu
  A guardian serpent skeleton (Crypt:1)
  85 slime creatures
  11 spriggans
  13 wraiths
  A shadow (D:11)
  9 water elementals
  3 wyverns
  A vampire (D:13)
  A spriggan (shapeshifter) (Lair:5)
  3 dire elephant simulacra
  23 culicivoras
  44 ynoxinuls
  9 basilisks
  47 yaks
  2 ettin skeletons
  4 fire bats
  19 vampire mosquitoes
  A warg (Orc:2)
  21 neqoxecs
  4 steam dragons
  An alligator snapping turtle simulacrum (Coc:3)
  A sea snake simulacrum (Hell)
  19 golden eyes
  59 redbacks
  12 harpy simulacra
  31 chaos spawn
  22 small abominations
  A water nymph zombie (Crypt:1)
  A merfolk zombie (Crypt:3)
  2 acid dragons
  19 water moccasins
  A swamp worm (shapeshifter) (Vaults:5)
  10 hell hounds
  3 hydra simulacra
  An ice beast (shapeshifter) (D:14)
  3 black bears
  A swamp drake (D:11)
  38 orc warriors
  9 laughing skulls
  5 ice beasts
  5 ettin simulacra
  15 wolves
  9 ogres
  A torpor snail zombie (Crypt:1)
  4 phantoms
  19 centaurs
  An elephant skeleton (Crypt:3)
  A brain worm (Abyss:3)
  2 weeping skulls
  An elf skeleton (Crypt:2)
  4 kobold brigands
  4 earth elementals
  4 scorpions
  9 bullfrogs
  3 gnoll sergeants
  A naga simulacrum (Coc:1)
  A glowing shapeshifter simulacrum (Depths:1)
  24 wights
  A cyclops skeleton (Crypt:2)
  34 killer bees
  10 electric eels
  4 howler monkeys
  4 crimson imps
  A quasit (Abyss:4)
  3 bombardier beetles
  5 hounds
  5 jellies
  31 orc priests
  16 starcursed masses
  3 iron imps
  5 iguanas
  2 sleepcaps
  43 orc wizards
  5 hell rats
  A polar bear simulacrum (IceCv)
  3 centaur simulacra
  A naga skeleton (Crypt:1)
  39 mummies
  11 adders
  17 gnolls
  2 shadow imps (D:6)
  7 white imps
  2 ufetubi (D:10)
  An adder zombie (Crypt:1)
  A dart slug (D:3)
  A ribbon worm (D:4)
  113 orcs
  11 endoplasms
  8 giant cockroaches
  7 hobgoblins
  3 jackals
  17 kobolds
  8 quokkas
  5 ball pythons
  10 bats
  A dart slug zombie (Crypt:3)
  3 frilled lizards
  10 goblins
  A goblin skeleton (Crypt:2)
  A hobgoblin zombie (Crypt:3)
  8 rats
  A rat skeleton (Crypt:2)
  2 aspiring fleshes
  10 creeping infernos
  10 fire vortices
  2 lurking horrors (Abyss:4)
  5 starspawn tentacles
  9 tentacles
4249 creatures vanquished.

Vanquished Creatures (collateral kills)
  Antaeus (Coc:7)
  Ereshkigal (Tar:7)
  Lom Lobon (Pan)
  Dispater (Dis:7)
  2 pandemonium lords (Pan)
  A juggernaut (Depths:3)
  2 royal mummies (Tomb:3)
  3 shard shrikes
  8 caustic shrikes
  Parghit (Zot:3)
  A profane servitor (Tar:7)
  Nikola (Depths:1)
  6 bone dragons
  4 Tzitzimimeh
  Arachne (Spider:2)
  2 iron giants (Dis:2)
  2 electric golems (Zot:5)
  A shard shrike zombie (Tomb:3)
  17 tainted leviathans
  3 Ice Fiends
  2 tentacled monstrosities
  A spectral shard shrike (Tar:7)
  9 Hell Sentinels
  A lich (Crypt:2)
  7 Orb Guardians (Zot:5)
  2 titans (Coc:7)
  A deep elf blademaster (Elf:3)
  6 Executioners (Pan)
  A death cob (Zot:5)
  A sphinx (Depths:3)
  3 acid blobs
  10 ancient champions
  An azure jelly (Coc:6)
  A tengu reaver (Depths:1)
  Aizul (Spider:1)
  2 demonspawn warmongers (Pan)
  A storm dragon (Zot:5)
  2 narguns
  4 fire giants
  A rockslime (Slime:5)
  3 frost giants
  A deep elf sorcerer (Elf:3)
  Ilsuiw (Shoals:4)
  5 emperor scorpions
  6 quicksilver elementals
  3 iron dragons
  2 protean progenitors (Zot:5)
  2 draconian shifters
  A draconian scorcher (Zot:5)
  4 balrugs
  2 spectral juggernauts (Depths:3)
  A spectral caustic shrike (Tar:4)
  6 reapers
  A demonspawn corrupter (Pan)
  2 ghost moths (Spider:2)
  An ironbound preserver (Vaults:3)
  2 stone giants
  2 draconian annihilators
  A cacodemon (Pan)
  A formless jellyfish (Slime:1)
  A vampire knight (Hell)
  An ironbound thunderhulk (Vaults:2)
  2 very ugly things
  A deep elf demonologist (Elf:3)
  3 demonspawn blood saints (Pan)
  2 deep elf annihilators (Elf:3)
  A green draconian (Zot:5)
  6 putrid mouths
  3 black draconians (Zot:5)
  2 deep elf death magi (Elf:3)
  A wendigo (Coc:3)
  3 bennus (Tomb:3)
  2 white draconians (Zot:5)
  A lorocyproca (Hell)
  An elemental wellspring (Coc:5)
  A yellow draconian (Zot:5)
  3 red draconians
  A dire elephant (Vaults:3)
  16 war gargoyles
  5 spark wasps
  An ettin (Depths:1)
  2 blizzard demons
  An eidolon (Tar:7)
  A green death (Pan)
  18 iron golems
  A merfolk impaler (Shoals:4)
  7 mummy priests
  2 fire dragons
  A yaktaur captain (Vaults:5)
  2 spriggan zombies (Tomb:3)
  3 great orbs of eyes
  3 ice dragons
  A spriggan air mage (Depths:2)
  An ogre mage (Vaults:5)
  An ironbound frostheart (Vaults:2)
  A two-headed ogre (Pan)
  6 dancing weapons (Elf:2)
  2 merfolk aquamancers (Shoals:4)
  4 hell hogs
  A spectral stone giant (Tar:1)
  2 tengu warriors
  2 deep troll shamans (Depths:3)
  A satyr (Shoals:4)
  A boulder beetle (Spider:3)
  4 death scarabs (Tomb:2)
  Urug (Lair:2)
  A vampire mage (Depths:2)
  2 hell knights
  5 soul eaters
  5 crystal echidnas
  6 sun demons (Pan)
  2 iron trolls (Depths:1)
  A pharaoh ant (Spider:3)
  3 skeletal warriors (Tomb:3)
  A spectral bunyip (Tar:1)
  2 spectral anacondas
  A spatial maelstrom (Abyss:3)
  A sixfirhy (Pan)
  A cherub (Pan)
  7 shadow wraiths (Tar:7)
  4 deep elf archers
  A sun moth (Pan)
  An arcanist (Vaults:3)
  2 anaconda zombies (Hell)
  A spriggan simulacrum (Coc:1)
  A deep troll (Vaults:2)
  2 orb spiders (Spider:4)
  A glowing orange brain (Depths:2)
  An orange crystal statue (Spider:2)
  An anaconda skeleton (Hell)
  3 orc knights
  6 ugly things
  A deep elf zephyrmancer (Elf:1)
  2 wolf spiders (Spider:4)
  2 harpies (Shoals:3)
  An alligator zombie (Hell)
  2 fauns (Shoals:3)
  A steelbarb worm (Spider:4)
  A deep elf pyromancer (Elf:2)
  A spectral ettin (Tar:1)
  A cyclops (Shoals:4)
  5 large abominations
  3 moths of wrath
  An elephant (Lair:2)
  A rust devil (Hell)
  A stone giant skeleton (Tomb:3)
  2 smoke demons
  2 orange demons (Pan)
  A titan simulacrum (Depths:3)
  2 hellions
  2 eyes of devastation (Pan)
  2 spectral nagas
  A sea snake skeleton (Hell)
  A tormentor (Pan)
  12 guardian mummies
  4 freezing wraiths
  A yaktaur (Vaults:5)
  An ancient zyme (Abyss:3)
  A tengu conjurer (Depths:1)
  An anaconda simulacrum (Coc:6)
  An ice devil (Hell)
  A merfolk (shapeshifter) (Elf:1)
  A merfolk (Shoals:3)
  A hydra zombie (Hell)
  2 hellwings (Pan)
  A glass eye (Pan)
  2 tarantellas (Spider:2)
  A jumping spider (Spider:4)
  2 raiju (Abyss:3)
  4 ynoxinuls (Pan)
  A dire elephant simulacrum (Coc:5)
  10 ushabtiu
  2 water elementals (Shoals:4)
  8 redbacks
  A death yak simulacrum (IceCv)
  2 neqoxecs (Pan)
  A small abomination (Abyss:3)
  A harpy simulacrum (Coc:2)
  3 chaos spawn
  A spatial vortex (Abyss:3)
  A hydra simulacrum (Coc:2)
  An ettin simulacrum (Coc:1)
  2 weeping skulls (Abyss:3)
  9 hell rats (Hell)
  2 mummies (Tomb:3)
  5 fire vortices
  A lurking horror (Abyss:3)
474 creatures vanquished.

Vanquished Creatures (others)
  A shard shrike (Coc:3)
  A titan (Coc:2)
  An eldritch tentacle (Pan)
  A fenstrider witch (Pan)
  A nagaraja (Pan)
  A fire giant (Geh:1)
  A balrug (Pan)
  A shard shrike simulacrum (Coc:5)
  A demonspawn blood saint (Pan)
  A wendigo (Coc:2)
  A merfolk aquamancer (Pan)
  An ice dragon (Depths:2)
  2 ogre magi (Abyss:4)
  A dancing weapon (Elf:2)
  A deep troll shaman (Depths:1)
  A soul eater (Hell)
  A deep elf knight (Shoals:3)
  A deep troll (Depths:1)
  2 spriggan simulacra (Coc:2)
  2 quicksilver dragon simulacra
  2 ugly things
  2 moths of wrath
  A smoke demon (Pan)
  An orange demon (Pan)
  2 tormentors (Pan)
  2 ancient zymes (Abyss:4)
  4 hellwings (Pan)
  A blink frog (Abyss:4)
  7 fire bats
  A wraith (D:8)
  6 chaos spawn (Abyss:4)
  An orc warrior (Elf:3)
  An ettin simulacrum (Coc:3)
  An orc wizard (Orc:2)
  A gnoll (D:11)
  13 ball lightnings (Pan)
  3 creeping infernos
  3 snaplasher vines
  17 starspawn tentacles
  38 tentacles
130 creatures vanquished.

Grand Total: 4853 creatures vanquished

Notes
Turn   | Place    | Note
-------+----------+-------------------------------------------
     0 | D:1      | bobo the Mountain Dwarf Fighter began the quest for the
                  | Orb.
     0 | D:1      | Reached XP level 1. HP: 19/19 MP: 1/1
   250 | D:1      | Reached XP level 2. HP: 21/26 MP: 2/2
   435 | D:1      | Found Emist's Book Shop.
   640 | D:1      | Reached XP level 3. HP: 27/33 MP: 3/3
   667 | D:1      | Found a faded altar of an unknown god.
  1355 | D:2      | Reached XP level 4. HP: 41/41 MP: 4/4
  1510 | D:2      | Reached skill level 1 in Evocations
  2305 | D:3      | Reached XP level 5. HP: 42/47 MP: 5/5
  2370 | D:3      | Identified the +0 robe "Oraor" {Int+4 Dex+5}
  2428 | D:3      | Reached skill level 5 in Fighting
  2965 | D:4      | Reached skill level 5 in Maces & Flails
  3112 | D:4      | Reached XP level 6. HP: 50/50 MP: 6/6
  3757 | D:4      | Found a bloodstained altar of Trog.
  3811 | D:5      | Entered Level 5 of the Dungeon
  3874 | D:5      | Noticed an ice beast
  3875 | D:5      | Reached XP level 7. HP: 53/62 MP: 7/7
  4518 | D:5      | Reached skill level 5 in Evocations
  4622 | D:5      | Found a sacrificial altar of Ru.
  4625 | D:5      | Found a shadowy altar of Dithmenos.
  4702 | D:5      | Reached XP level 8. HP: 68/73 MP: 8/8
  5261 | D:6      | Found a staircase to the Ecumenical Temple.
  5276 | Temple   | Entered the Ecumenical Temple
  5291 | Temple   | Became a worshipper of the Shining One
  5482 | D:6      | Reached skill level 1 in Invocations
  6645 | D:6      | Reached XP level 9. HP: 80/81 MP: 11/11
  6702 | D:7      | Reached * piety under the Shining One
  7012 | D:7      | Noticed Maurice
  7036 | D:7      | Killed Maurice
  7601 | D:8      | Found a flagged portal.
  7610 | Bailey   | Entered a bailey
  7859 | Bailey   | Reached skill level 5 in Invocations
  7905 | Bailey   | Reached skill level 10 in Maces & Flails
  8003 | Bailey   | Reached XP level 10. HP: 70/92 MP: 13/13
  8811 | Bailey   | Reached skill level 10 in Fighting
  9636 | D:8      | Noticed a cyan ugly thing
  9646 | D:8      | Killed a cyan ugly thing
  9649 | D:8      | Noticed a white ugly thing
  9650 | D:8      | Noticed a centaur warrior
  9659 | D:8      | Killed a centaur warrior
  9660 | D:8      | Noticed a centaur warrior
  9663 | D:8      | Killed a white ugly thing
  9665 | D:8      | Noticed a two-headed ogre
  9669 | D:8      | Killed a two-headed ogre
  9670 | D:8      | Reached XP level 11. HP: 29/102 MP: 16/16
  9674 | D:8      | Killed a centaur warrior
  9747 | D:8      | Noticed an entropy weaver
  9753 | D:8      | Killed an entropy weaver
  9906 | D:8      | Noticed a centaur warrior
 10054 | D:8      | Killed a centaur warrior
 10192 | D:8      | Noticed Maggie
 10192 | D:8      | Reached ** piety under the Shining One
 10201 | D:8      | Killed Maggie
 10312 | D:8      | Found a roughly hewn altar of Beogh.
 10474 | D:8      | Found a hide-covered altar of Uskayaw.
 10636 | D:8      | Found a transporter.
 10639 | D:8      | Found a transporter.
 10639 | D:8      | Found a transporter.
 10679 | D:8      | Found a transporter.
 11187 | D:9      | Noticed Prince Ribbit
 11203 | D:9      | Killed Prince Ribbit
 11424 | D:9      | Noticed Jeremiah
 11458 | D:9      | Killed Jeremiah
 11666 | D:9      | Found an ancient bone altar of Kikubaaqudgha.
 11667 | D:9      | Found an opulent altar of Gozag.
 11695 | D:9      | Found Gyotzu Busae's Distillery.
 11727 | D:9      | Bought a potion of heal wounds for 60 gold pieces
 12054 | D:1      | Bought a manual of Maces & Flails for 800 gold pieces
 12855 | D:9      | Reached skill level 5 in Armour
 13213 | D:10     | Entered Level 10 of the Dungeon
 13219 | D:10     | Reached *** piety under the Shining One
 13263 | D:10     | Noticed Psyche
 13268 | D:10     | Killed Psyche
 13269 | D:10     | Reached skill level 10 in Evocations
 13446 | D:10     | Found a staircase to the Lair.
 13472 | D:10     | Reached XP level 12. HP: 67/113 MP: 18/18
 14122 | D:10     | Found an ornate altar of the Wu Jian Council.
 14153 | D:10     | Noticed Josephine
 14158 | D:10     | Reached **** piety under the Shining One
 14167 | D:10     | Killed Josephine
 14526 | Lair:1   | Entered Level 1 of the Lair of Beasts
 14594 | Lair:1   | Noticed a death yak
 14597 | Lair:1   | Noticed a death yak
 14608 | D:10     | Killed a death yak
 14609 | D:10     | Reached skill level 15 in Maces & Flails
 14660 | D:11     | Noticed a boulder beetle
 14679 | D:11     | Killed a boulder beetle
 15251 | D:11     | Reached skill level 10 in Invocations
 15318 | D:11     | Noticed a boulder beetle
 15341 | D:11     | Killed a boulder beetle
 15439 | D:11     | Found a staircase to the Orcish Mines.
 16069 | D:12     | Noticed a boulder beetle
 16109 | D:12     | Killed a boulder beetle
 16285 | D:12     | Identified a scroll of acquirement
 16287 | D:12     | Acquired 918 gold pieces
 17179 | D:13     | Reached ***** piety under the Shining One
 17190 | D:13     | Reached XP level 13. HP: 125/125 MP: 20/20
 17566 | D:13     | Found a gate to the Vaults.
 17582 | D:13     | Paralysed by an ogre mage for 4 turns
 17984 | D:13     | Reached skill level 10 in Armour
 17998 | D:13     | Reached skill level 15 in Fighting
 18397 | D:14     | Found a transporter.
 18450 | D:14     | Found Mieb's Weapon Shoppe.
 18450 | D:14     | Found Upesob's Distillery.
 18452 | D:14     | Found Jibra's Magic Scroll Shoppe.
 18668 | D:14     | Found Juutz's Armour Boutique.
 18910 | D:14     | Found a transporter.
 18920 | D:14     | Found a white marble altar of Elyvilon.
 20019 | D:15     | Entered Level 15 of the Dungeon
 20154 | D:15     | Reached skill level 5 in Shields
 20949 | Lair:1   | Reached XP level 14. HP: 136/137 MP: 23/23
 22231 | Lair:2   | Noticed Urug
 22234 | Lair:2   | Killed Urug
 22280 | Lair:2   | Found a hole to the Spider Nest.
 23110 | Lair:3   | Found a frozen archway.
 23125 | IceCv    | Entered an ice cave
 23429 | IceCv    | Found a transporter.
 23467 | IceCv    | Found a transporter.
 23928 | Lair:3   | Found a staircase to the Shoals.
 24114 | Lair:3   | Identified the +0 robe of the King of the Hill {Dex+4
                  | Slay+2}
 26445 | Lair:5   | Entered Level 5 of the Lair of Beasts
 26465 | Lair:5   | Reached XP level 15. HP: 91/149 MP: 25/25
 26879 | Lair:5   | Found a staircase to the Slime Pits.
 28038 | Lair:5   | Found a corrupted altar of Lugonu.
 28038 | Lair:5   | Found a one-way gate to the infinite horrors of the Abyss.
 28060 | Lair:5   | Identified the +9 long sword "Noud" {drain, Will- Str+3
                  | Int+5}
 29091 | Orc:1    | Entered Level 1 of the Orcish Mines
 29111 | Orc:1    | Reached skill level 1 in Throwing
 29377 | Orc:1    | Found Hosuntul's Distillery.
 29405 | Orc:1    | Found a dark tunnel.
 29413 | Volcano  | Entered a volcano
 29894 | Orc:2    | Entered Level 2 of the Orcish Mines
 29906 | Orc:2    | Noticed Rupert
 29915 | Orc:2    | Paralysed by Rupert for 3 turns
 29926 | Orc:2    | Killed Rupert
 30081 | Orc:2    | Reached ****** piety under the Shining One
 30082 | Orc:2    | Reached skill level 15 in Invocations
 30831 | Orc:2    | Found a staircase to the Elven Halls.
 30971 | Orc:2    | Found Acyfepp's Antique Armour Emporium.
 30971 | Orc:2    | Found Jomm's Magic Scroll Shoppe.
 30975 | Orc:2    | Found Olets's Magic Scroll Shoppe.
 30977 | Orc:2    | Found Empiwk's Armour Emporium.
 30982 | Orc:2    | Bought a scroll of blinking for 105 gold pieces
 31220 | Elf:1    | Entered Level 1 of the Elven Halls
 31244 | Elf:1    | Reached skill level 10 in Shields
 31353 | Elf:1    | Reached XP level 16. HP: 44/159 MP: 27/27
 31707 | Shoals:1 | Entered Level 1 of the Shoals
 32105 | D:15     | Found a staircase to the Depths.
 32296 | D:15     | Noticed Agnes
 32301 | D:15     | Killed Agnes
 32747 | Depths:1 | Entered Level 1 of the Depths
 32808 | Depths:1 | Found a runed translucent door.
 32808 | Depths:1 | Noticed a golden dragon
 33678 | Shoals:1 | Noticed Donald
 33691 | Shoals:1 | Killed Donald
 33945 | Shoals:1 | Reached skill level 5 in Throwing
 34937 | Shoals:1 | You fall into a shaft and drop 1 floor!
 35083 | Shoals:2 | Noticed Roxanne
 35106 | Shoals:2 | Killed Roxanne
 35389 | Shoals:2 | Identified the +2 leather armour "Waul" {Will++}
 35481 | Shoals:2 | Noticed a kraken
 35495 | Shoals:2 | Killed a kraken
 36232 | Shoals:1 | Noticed a kraken
 36269 | Shoals:1 | Killed a kraken
 36592 | Shoals:1 | Noticed a kraken
 36611 | Shoals:1 | Killed a kraken
 36959 | Shoals:3 | Reached XP level 17. HP: 100/170 MP: 28/28
 36966 | Shoals:3 | Noticed Polyphemus
 37217 | Shoals:2 | Upgraded the game from 0.32-a0-886-g41c5271027 to
                  | 0.32-a0-893-gf85d74f360
 37394 | Shoals:3 | Killed Polyphemus
 38051 | Shoals:4 | Entered Level 4 of the Shoals
 38135 | Shoals:3 | Upgraded the game from 0.32-a0-893-gf85d74f360 to
                  | 0.32-a0-900-g30fb1b0edc
 38420 | Shoals:3 | Found Amur's Vocational Training.
 38437 | Shoals:3 | Bought a manual of Evocations for 1360 gold pieces
 38437 | Shoals:3 | Bought a manual of Invocations for 1360 gold pieces
 39043 | Shoals:4 | Noticed Ilsuiw
 39550 | Shoals:4 | Killed Ilsuiw
 40415 | Spider:1 | Entered Level 1 of the Spider Nest
 40539 | Spider:1 | Upgraded the game from 0.32-a0-900-g30fb1b0edc to
                  | 0.32-a0-913-g739538afd8
 40734 | Spider:1 | Identified the serpent talisman of Wasted Space {rF++ Will+
                  | Str-3}
 40734 | Spider:1 | Noticed Aizul
 40735 | Spider:1 | Identified the +2 scale mail of Springtime {rC+ Str-5
                  | Int+4}
 40754 | Spider:1 | Killed Aizul
 41066 | Spider:1 | Noticed Asterion
 41081 | Spider:1 | Killed Asterion
 41578 | Spider:1 | Identified a +2 sacred scourge of holy wrath (a +0 spectral
                  | demon whip blessed by the Shining One)
 41578 | Spider:1 | Received a gift from the Shining One
 41824 | Spider:2 | Noticed Jorgrun
 41836 | Spider:2 | Killed Jorgrun
 41855 | Spider:2 | Found a transporter.
 41869 | Spider:2 | Found a transporter.
 42163 | Spider:2 | Noticed Arachne
 42183 | Spider:2 | Killed Arachne
 42482 | Spider:2 | Noticed Louise
 42502 | Spider:2 | Killed Louise
 42503 | Spider:2 | Reached XP level 18. HP: 132/179 MP: 1/30
 42944 | Spider:3 | Gained mutation: Your mind is acute. (Int +4, Str/Dex -1)
                  | [mutagenic glow]
 43364 | Spider:3 | Reached skill level 15 in Armour
 44179 | Spider:4 | Entered Level 4 of the Spider Nest
 44756 | Spider:4 | Reached skill level 15 in Shields
 44828 | Spider:4 | Identified the +0 hat "Joh Bise" {Rampage +Inv Int-5
                  | Stlth+}
 44829 | Spider:4 | Identified the scarf of Tokouw {rC+ rF+, *Corrode Int+6
                  | Dex-3}
 44842 | Spider:4 | Got a gossamer rune of Zot
 45840 | Shoals:4 | Identified the +11 falchion "Meun Cew" {freeze, +Blink rF+
                  | Str-5 SInv}
 45896 | Shoals:4 | Got a barnacled rune of Zot
 45909 | Shoals:4 | Found Raukkudgh's Magic Scroll Shop.
 45927 | Shoals:4 | Bought a scroll of teleportation for 48 gold pieces
 45927 | Shoals:4 | Bought a scroll of enchant armour for 120 gold pieces
 45927 | Shoals:4 | Bought a scroll of enchant armour for 120 gold pieces
 45927 | Shoals:4 | Bought a scroll of teleportation for 48 gold pieces
 46228 | Shoals:4 | Identified the +3 whip of Qynefaxze {pain, Stlth+}
 46438 | Shoals:4 | Reached XP level 19. HP: 167/187 MP: 32/32
 46735 | Shoals:4 | Reached skill level 10 in Throwing
 47196 | Spider:2 | Paralysed by a jorogumo for 2 turns
 47260 | Spider:2 | Identified the amulet of Buin {Reflect -Tele rF+ Int+5
                  | SH+5}
 47604 | Depths:1 | Found a gateway to Hell.
 47925 | Depths:1 | Noticed Nikola
 47941 | Depths:1 | Killed Nikola
 47945 | Depths:1 | Noticed Sojobo
 47956 | Depths:1 | Reached skill level 15 in Evocations
 47957 | Depths:1 | Paralysed by a vampire knight for 5 turns
 47982 | Depths:1 | Killed Sojobo
 48503 | Depths:1 | Learned a level 4 spell: Vhi's Electric Charge
 48507 | Depths:1 | Learned a level 3 spell: Maxwell's Portable Piledriver
 48514 | Depths:1 | Learned a level 6 spell: Gell's Gavotte
 49572 | Depths:1 | Killed a golden dragon
 49790 | Depths:2 | Found a bloodstained altar of Trog.
 49964 | Depths:2 | Noticed Saint Roka
 49979 | Depths:2 | Killed Saint Roka
 50559 | Depths:2 | Found a one-way gate leading to the halls of Pandemonium.
 50796 | Depths:2 | Reached XP level 20. HP: 179/194 MP: 34/34
 50850 | Depths:2 | Identified the +9 flail of Buyggusi {protect, Str+6 Int-4}
 51590 | Depths:2 | Found a transporter.
 51593 | Depths:2 | Noticed Gumuy's ghost (adept MiHu)
 51593 | Depths:2 | Identified the +0 giant club "Okkoufiq" {heavy, rC+ Int+3
                  | Stlth+}
 51594 | Depths:2 | Found a transporter.
 51594 | Depths:2 | Identified the +4 great mace "Biypuhu" {flame, Will++
                  | Int-4}
 52001 | Elf:1    | Found Uvoosy's Distillery.
 52337 | Elf:1    | Got the Compilation of Momentum
 52493 | Elf:1    | Bought a potion of curing for 36 gold pieces
 52493 | Elf:1    | Bought 2 potions of curing for 72 gold pieces
 52493 | Elf:1    | Bought a potion of curing for 36 gold pieces
 52493 | Elf:1    | Bought 2 potions of heal wounds for 120 gold pieces
 52715 | Elf:2    | Noticed Skular's ghost (adept DjCj)
 52715 | Elf:2    | Found a runed translucent door.
 52745 | Elf:2    | Killed Skular's ghost
 52749 | Elf:2    | Reached skill level 1 in Spellcasting
 52749 | Elf:2    | Reached skill level 1 in Translocations
 52927 | Elf:2    | Found Kautuiso's Antique Weapon Boutique.
 53007 | Elf:2    | Found Zearhups's Book Shoppe.
 53011 | Elf:2    | Bought a book of Spatial Translocations for 252 gold pieces
 53014 | Elf:2    | Learned a level 2 spell: Blink
 53055 | Elf:2    | Paralysed by an air elemental for 1 turns
 53119 | Elf:2    | Identified the ring "Igurhom" {Ice Int+3 Slay+3 Stlth-}
 53295 | Elf:2    | Found a runed translucent gate.
 53299 | Elf:2    | Found a runed translucent gate.
 53304 | Elf:2    | Found a runed translucent gate.
 53585 | Vaults:1 | Entered Level 1 of the Vaults
 54034 | Vaults:1 | Learned a level 7 spell: Manifold Assault
 54281 | Vaults:1 | Paralysed by a formless jellyfish for 1 turns
 54286 | Vaults:1 | Paralysed by a formless jellyfish for 1 turns
 54478 | Vaults:1 | Paralysed by a formless jellyfish for 1 turns
 54887 | Vaults:1 | Found a glowing golden altar of the Shining One.
 54985 | Vaults:1 | Acquired the +1 pair of gloves "Qecoude" {Will+++ Dex+3}
 54998 | Vaults:1 | Acquired 561 gold pieces
 55118 | Vaults:1 | Reached skill level 1 in Air Magic
 56590 | Vaults:2 | Reached skill level 5 in Spellcasting
 56590 | Vaults:2 | Reached skill level 5 in Translocations
 56762 | Vaults:2 | Identified the +1 ring mail of the Flute {Harm Fly Str+2}
 56932 | Vaults:2 | Identified the amulet of Muchon {Acrobat rPois rCorr Int+5
                  | Dex-3}
 57323 | Vaults:2 | Paralysed by a formless jellyfish for 1 turns
 57335 | Vaults:2 | Reached XP level 21. HP: 126/202 MP: 27/35
 57506 | Vaults:2 | Identified the +6 tower shield of the Prince of Darkness
                  | {rPois rCorr}
 58145 | Vaults:2 | Found Yliot's Assorted Antiques.
 58153 | Vaults:2 | Bought a Gell's gravitambourine (2/2) for 1240 gold pieces
 58566 | Vaults:2 | Found Kojod's Armour Emporium.
 59075 | Vaults:3 | Found Teurgheush's Antique Armour Shop.
 59871 | Vaults:3 | Found a staircase to the Crypt.
 60057 | Vaults:3 | Learned a level 6 spell: Dispersal
 60113 | Vaults:3 | Reached skill level 5 in Air Magic
 61874 | Elf:3    | Entered Level 3 of the Elven Halls
 62857 | Elf:3    | Identified the +0 plate armour of the Komodo Dragon {+Blink
                  | rElec Dex+6 Slay-3}
 63180 | Elf:3    | Identified the +6 scimitar "Toj Dye" {heavy, Fly rF+ Str+2}
 63199 | Elf:3    | Identified the +7 leather armour of the Mantidfly {Str+4
                  | Dex+4}
 63205 | Elf:3    | Identified the +7 quarterstaff of Iconoclasm {vamp, rF+ rC+
                  | rN+ Int-5}
 63354 | Elf:3    | Reached XP level 22. HP: 203/211 MP: 30/36
 63389 | Elf:3    | Got Odwaid's Secrets of the Cunning Sixfirhy
 63418 | Elf:3    | Identified the staff "Heamaiz" {rElec rPois rC- Conj Earth}
 63435 | Elf:3    | Got the Spellbook of the Cemetery and Minerals
 64107 | Crypt:1  | Entered Level 1 of the Crypt
 64670 | Depths:2 | Identified the +4 kite shield of Hairiness {rN+ rCorr
                  | Str-4}
 64876 | Depths:2 | Killed Gumuy's ghost
 65110 | Depths:3 | Found Captiux's Assorted Antiques.
 65128 | Depths:3 | Bought a pair of glowing boots for 262 gold pieces
 65256 | Depths:3 | Noticed a juggernaut
 65295 | Depths:3 | Killed a juggernaut
 65403 | Depths:3 | Found the brooch of Shielding {Spirit SH+8}
 65703 | Depths:3 | Found a runed translucent door.
 65710 | Depths:3 | Noticed Jehehi's ghost (veteran DgCj)
 65737 | Depths:3 | Reached skill level 10 in Spellcasting
 65760 | Depths:3 | Reached skill level 10 in Translocations
 66128 | Depths:3 | Noticed a caustic shrike
 66135 | Depths:3 | Killed a caustic shrike
 66518 | Depths:3 | Noticed a juggernaut
 66540 | Depths:3 | Noticed a golden dragon
 66550 | Depths:3 | Killed a juggernaut
 66560 | Depths:3 | Killed a golden dragon
 66838 | Depths:3 | Identified the +11 hand axe of Income {flame, *Rage Str+2
                  | Int+4 SInv}
 67617 | Depths:3 | Found Jitz's Antique Weapon Boutique.
 67622 | Depths:3 | Identified the +11 dagger "Ytirauze" {freeze, rN+ Dex+3}
 67821 | Depths:3 | Got the Writings on Execration
 68257 | Vaults:3 | Bought a faintly humming cloak for 342 gold pieces
 68257 | Vaults:3 | Identified the +0 cloak "Upocai" {^Contam rF+++ Dex+5} (You
                  | bought it in a shop on level 3 of the Vaults)
 68757 | Depths:4 | Entered Level 4 of the Depths
 69078 | Depths:4 | Found Ucimuo's Magic Scroll Boutique.
 71465 | Depths:3 | Upgraded the game from 0.32-a0-913-g739538afd8 to
                  | 0.32-a0-918-g0f22ef8d61
 71529 | Depths:4 | Found a one-way gateway to a ziggurat.
 71529 | Depths:4 | Noticed an ancient lich
 71529 | Depths:4 | Noticed a dread lich
 71573 | Depths:4 | Reached XP level 23. HP: 212/220 MP: 34/37
 72219 | Vaults:4 | Found Ylistrab's Weapon Shop.
 72643 | Vaults:4 | Identified the +6 scimitar of the Living Dead {vamp, Fly
                  | MP+9}
 72933 | Vaults:4 | Identified the +5 war axe of Teshromatt {antimagic, rCorr
                  | Str+5 Dex-5}
 73319 | Vaults:4 | Found a runed translucent door.
 73319 | Vaults:4 | Noticed Zuiczola's ghost (adept DrAl)
 73337 | Vaults:4 | Killed Zuiczola's ghost
 73360 | Vaults:4 | Identified the maw talisman "Imi Xinu" {Will- Str+3 Dex+3
                  | Stlth+}
 73706 | Vaults:4 | Identified the ring "Palucka" {rF+ Slay+3 Stlth+}
 75291 | Crypt:2  | Found a runed translucent gate.
 75291 | Crypt:2  | Found a runed translucent gate.
 75291 | Crypt:2  | Found an ancient bone altar of Kikubaaqudgha.
 75291 | Crypt:2  | Found a runed translucent gate.
 75292 | Crypt:2  | Noticed Epoun's ghost (adept GrFi)
 75292 | Crypt:2  | Noticed an ancient lich
 75292 | Crypt:2  | Noticed a dread lich
 75652 | Crypt:3  | Entered Level 3 of the Crypt
 76105 | Crypt:3  | Found a staircase to the Tomb.
 76587 | Crypt:3  | Identified the ring of Zidiyc {rElec rF+ rN++ Str-2 SInv}
 76587 | Crypt:3  | Identified the ring "Gyhifizo" {rC+ rN++ Str+2 Dex+6}
 77064 | Crypt:3  | Identified the +1 short sword of Integrity {vamp, Will++}
 77068 | Crypt:3  | Identified the +9 orcbow of Unpleasantness {flame, Stlth+}
 77337 | Tomb:1   | Entered Level 1 of the Tomb of the Ancients
 77452 | Tomb:1   | Identified the +7 chain mail of Gehenna {+Blink rN+}
 77536 | Tomb:1   | Reached XP level 24. HP: 194/231 MP: 33/37
 78199 | Depths:4 | Bought a scroll of blinking for 120 gold pieces
 78355 | Depths:4 | Found Nusoq's Jewellery Boutique.
 79356 | Depths:4 | Found a runed translucent gate.
 79356 | Depths:4 | Found a runed translucent gate.
 79356 | Depths:4 | Found a runed translucent gate.
 80479 | Depths:4 | Found a gate to the Realm of Zot.
 80605 | Depths:3 | Voluntarily entered the Abyss.
 80636 | Abyss:1  | Found a corrupted altar of Lugonu.
 80696 | Abyss:3  | Found a corrupted altar of Lugonu.
 80788 | Abyss:3  | Found a corrupted altar of Lugonu.
 80971 | Abyss:3  | Paralysed by accursed screaming for 1 turns
 81053 | Depths:3 | Escaped the Abyss
 81059 | Depths:3 | Voluntarily entered the Abyss.
 81059 | Abyss:3  | Found a corrupted altar of Lugonu.
 81148 | Abyss:3  | Found a corrupted altar of Lugonu.
 81375 | Depths:3 | Escaped the Abyss
 81836 | Vaults:5 | Entered Level 5 of the Vaults
 82176 | Vaults:5 | Noticed a dread lich
 82190 | Vaults:5 | Killed a dread lich
 82205 | Vaults:5 | Noticed an ancient lich
 82216 | Vaults:5 | Killed an ancient lich
 82217 | Vaults:5 | Reached XP level 25. HP: 211/243 MP: 29/37
 82253 | Vaults:5 | Found Atwilim's Distillery.
 82263 | Vaults:5 | Bought 2 potions of heal wounds for 170 gold pieces
 82643 | Vaults:5 | Noticed Bai Suzhen
 82891 | Vaults:5 | Killed Bai Suzhen
 82949 | Vaults:5 | Identified the +8 morningstar of Cosso {flame, rC+ Int+3
                  | SInv}
 83400 | Vaults:5 | Noticed an ancient lich
 83415 | Vaults:5 | Killed an ancient lich
 83907 | Vaults:5 | Identified the amulet "Rusa" {Faith rF+ Will- Dex+3}
 83933 | Vaults:5 | Identified the +0 scale mail of the Pleiades {Rampage rElec
                  | rPois Int+3}
 84163 | Vaults:5 | Got the Omnibus of Thunder and the Iliaster
 84323 | Vaults:5 | Got a silver rune of Zot
 84449 | Vaults:5 | Reached skill level 1 in Dodging
 84488 | Vaults:5 | Identified the staff of Cativyko {rCorr Conj}
 84581 | Vaults:5 | Identified the +8 hand axe "Roena" {venom, *Noise Str+3
                  | Int+5}
 84621 | Vaults:5 | Identified the +3 ring mail of the Curious Prophets {rN+}
 84648 | Vaults:5 | Found the +7 captain's cutlass {speed, disarm}
 84768 | Vaults:5 | Noticed an ancient lich
 84781 | Vaults:5 | Killed an ancient lich
 85183 | Zot:1    | Entered Level 1 of the Realm of Zot
 87137 | Zot:3    | Noticed an orb of fire
 87153 | Zot:3    | Gained mutation: You occasionally lose the ability to drink
                  | potions when taking damage. [an orb of fire]
 87163 | Zot:3    | Gained mutation: Your magical capacity is low. (-10% MP)
                  | [an orb of fire]
 87165 | Zot:3    | Killed an orb of fire
 87333 | Zot:3    | Lost mutation: Your magical capacity is low. (-10% MP)
                  | [potion of mutation]
 87333 | Zot:3    | Lost mutation: Your mind is acute. (Int +4, Str/Dex -1)
                  | [potion of mutation]
 87333 | Zot:3    | Lost mutation: You occasionally lose the ability to drink
                  | potions when taking damage. [potion of mutation]
 87333 | Zot:3    | Gained mutation: Your natural rate of healing is unusually
                  | fast. [potion of mutation]
 88100 | Zot:2    | Reached skill level 5 in Dodging
 88100 | Zot:2    | Reached XP level 26. HP: 251/251 MP: 35/38
 88695 | Zot:2    | Reached skill level 15 in Translocations
 89461 | Zot:3    | Noticed Parghit
 89824 | Zot:3    | Learned a level 5 spell: Summon Forest
 89918 | Zot:3    | Reached skill level 1 in Summonings
 89919 | Zot:3    | Gained mutation: You are frail. (-10% HP) [mutagenic glow]
 89932 | Zot:3    | Gained mutation: Your body sometimes deteriorates upon
                  | taking damage. [mutagenic glow]
 89948 | Zot:3    | Gained mutation: You are strong-willed. (Will+) [mutagenic
                  | glow]
 90252 | Zot:2    | Learned a level 3 spell: Swiftness
 90257 | Zot:2    | Learned a level 4 spell: Animate Armour
 90385 | Zot:3    | Reached skill level 1 in Earth Magic
 90533 | Zot:3    | Killed Parghit
 90537 | Zot:3    | Lost mutation: Your body sometimes deteriorates upon taking
                  | damage. [potion of mutation]
 90537 | Zot:3    | Lost mutation: Your natural rate of healing is unusually
                  | fast. [potion of mutation]
 90537 | Zot:3    | Gained mutation: You have sharp toenails. [potion of
                  | mutation]
 90538 | Zot:3    | Lost mutation: You are frail. (-10% HP) [potion of
                  | mutation]
 90538 | Zot:3    | Lost mutation: You have sharp toenails. [potion of
                  | mutation]
 90538 | Zot:3    | Lost mutation: You are strong-willed. (Will+) [potion of
                  | mutation]
 90538 | Zot:3    | Gained mutation: You are resistant to electric shocks.
                  | (rElec) [potion of mutation]
 90538 | Zot:3    | Gained mutation: You are agile. (Dex +4, Str/Int -1)
                  | [potion of mutation]
 92412 | Depths:3 | Killed Jehehi's ghost
 92475 | Depths:3 | Got the Incunable of the Subzero Adder
 92840 | Crypt:2  | Killed an ancient lich
 92841 | Crypt:2  | Killed a dread lich
 92853 | Crypt:2  | Killed Epoun's ghost
 92854 | Crypt:2  | Reached skill level 5 in Summonings
 92858 | Crypt:2  | Identified the +2 helmet of Xom's Reproof {-Tele Harm rC+
                  | rN+}
 92861 | Crypt:2  | Identified the ring "Kuis" {rPois rN+ Dex+6 SInv}
 92884 | Crypt:2  | Upgraded the game from 0.32-a0-918-g0f22ef8d61 to
                  | 0.32-a0-928-g1cae6b7ea0
 93248 | Slime:1  | Entered Level 1 of the Pits of Slime
 93260 | Slime:1  | Reached skill level 5 in Earth Magic
 93263 | Slime:1  | Paralysed by a formless jellyfish for 1 turns
 93482 | Slime:1  | Paralysed by a formless jellyfish for 1 turns
 93927 | Slime:2  | Lost mutation: You are agile. (Dex +4, Str/Int -1) [a
                  | shining eye]
 93939 | Slime:2  | Gained mutation: You are weak. (Str -2) [a shining eye]
 95268 | Slime:5  | Entered Level 5 of the Pits of Slime
 95933 | Slime:5  | Gained mutation: You sometimes lose your temper in combat.
                  | [a shining eye]
 95956 | Slime:5  | Gained mutation: You occasionally shout uncontrollably at
                  | your foes. [a shining eye]
 95957 | Slime:5  | Gained mutation: Your spells are a little easier to cast,
                  | but a little less powerful. [a shining eye]
 95978 | Slime:5  | Lost mutation: You sometimes lose your temper in combat.
                  | [potion of mutation]
 95978 | Slime:5  | Lost mutation: You occasionally shout uncontrollably at
                  | your foes. [potion of mutation]
 95978 | Slime:5  | Lost mutation: You are weak. (Str -2) [potion of mutation]
 95978 | Slime:5  | Gained mutation: You are partially covered in iridescent
                  | scales. (AC +2) [potion of mutation]
 95978 | Slime:5  | Gained mutation: You are agile. (Dex +4, Str/Int -1)
                  | [potion of mutation]
 96012 | Slime:5  | Gained mutation: Your magical capacity is low. (-10% MP) [a
                  | shining eye]
 96013 | Slime:5  | Noticed the Royal Jelly
 96023 | Slime:5  | Killed the Royal Jelly
 96024 | Slime:5  | Reached XP level 27. HP: 258/258 MP: 31/34
 96500 | Slime:5  | Identified the +6 scale mail "Wuocipt" {rPois SInv}
 96502 | Slime:5  | Got a slimy rune of Zot
 96527 | Slime:5  | Identified the staff "Ihukut" {Str+3 Earth}
 96581 | Slime:5  | Identified the +1 broad axe of Wu Jian, Threshing {flame,
                  | Str+2 Stlth+}
 96614 | Slime:5  | Got the Notes on Hurtful Skeletons
 96619 | Slime:5  | Identified the +5 glaive "Lirgheg" {venom, rC+ Str+4 Dex+2
                  | Stlth+}
 96637 | Slime:5  | Identified the +1 orcbow of the Hurting Whale {heavy, rPois
                  | rF+ Str+2 Int-4}
 96659 | Slime:5  | Learned a level 5 spell: Silence
 96786 | Slime:5  | Identified the staff "Tuaseripni" {rElec rPois Str+3 Stlth+
                  | Hexes Air}
 96829 | Slime:5  | Reached skill level 1 in Hexes
 97604 | Pan      | Entered Pandemonium
 97731 | Pan      | Noticed Ilukegis the pandemonium lord
 97759 | Pan      | Killed Ilukegis the pandemonium lord
 97803 | Pan      | Got a demonic rune of Zot
 99140 | Pan      | Noticed Pial the pandemonium lord
 99140 | Pan      | Gained mutation: You are dopey. (Int -2) [a neqoxec]
 99165 | Pan      | Killed Pial the pandemonium lord
 99530 | Pan      | Gained mutation: You are weak. (Str -2) [a cacodemon]
 99689 | Pan      | Entered the realm of Mnoleg.
 99833 | Pan      | Reached skill level 5 in Hexes
 99990 | Pan      | Noticed Mnoleg
100011 | Pan      | Killed Mnoleg
100307 | Pan      | Lost mutation: You are agile. (Dex +4, Str/Int -1) [potion
                  | of mutation]
100307 | Pan      | Lost mutation: You are weak. (Str -2) [potion of mutation]
100307 | Pan      | Lost mutation: Your spells are a little easier to cast, but
                  | a little less powerful. [potion of mutation]
100307 | Pan      | Lost mutation: You are resistant to electric shocks.
                  | (rElec) [potion of mutation]
100307 | Pan      | Gained mutation: You are frail. (-10% HP) [potion of
                  | mutation]
100307 | Pan      | Lost mutation: Your magical capacity is low. (-10% MP)
                  | [potion of mutation]
100307 | Pan      | Gained mutation: Your natural rate of healing is unusually
                  | fast. [potion of mutation]
100380 | Pan      | Identified the +3 mace "Dwarf's Death" {flame, Will- Str+7
                  | Int-4}
100407 | Pan      | Got a glowing rune of Zot
100488 | Pan      | Gained mutation: You are very dopey. (Int -4) [a neqoxec]
100498 | Pan      | Gained mutation: Your magical capacity is low. (-10% MP) [a
                  | cacodemon]
100524 | Pan      | Reached skill level 10 in Summonings
100854 | Pan      | Gained mutation: Your magical capacity is very low. (-20%
                  | MP) [a neqoxec]
100884 | Pan      | Gained mutation: Your spells are a little easier to cast,
                  | but a little less powerful. [a cacodemon]
100960 | Pan      | Lost mutation: You are partially covered in iridescent
                  | scales. (AC +2) [potion of mutation]
100960 | Pan      | Lost mutation: You are very dopey. (Int -4) [potion of
                  | mutation]
100960 | Pan      | Gained mutation: You have large cloven feet. [potion of
                  | mutation]
100961 | Pan      | Lost mutation: You are dopey. (Int -2) [potion of mutation]
100961 | Pan      | Lost mutation: You have large cloven feet. [potion of
                  | mutation]
100961 | Pan      | Gained mutation: You are weak. (Str -2) [potion of
                  | mutation]
100961 | Pan      | Gained mutation: You possess an exceptional clarity of
                  | mind. [potion of mutation]
100961 | Pan      | Gained mutation: You are partially covered in iridescent
                  | scales. (AC +2) [potion of mutation]
100962 | Pan      | Lost mutation: Your magical capacity is very low. (-20% MP)
                  | [potion of mutation]
100962 | Pan      | Lost mutation: Your magical capacity is low. (-10% MP)
                  | [potion of mutation]
100962 | Pan      | Lost mutation: Your spells are a little easier to cast, but
                  | a little less powerful. [potion of mutation]
100962 | Pan      | Gained mutation: Your mind is acute. (Int +4, Str/Dex -1)
                  | [potion of mutation]
101708 | Pan      | Noticed Othupp the pandemonium lord
101726 | Pan      | Killed Othupp the pandemonium lord
102359 | Pan      | Noticed Eheo the pandemonium lord
102373 | Pan      | Killed Eheo the pandemonium lord
102378 | Pan      | Reached skill level 10 in Dodging
103497 | Pan      | Noticed Ibruudwedu the pandemonium lord
103514 | Pan      | Killed Ibruudwedu the pandemonium lord
103947 | Pan      | Noticed Citoizuu the pandemonium lord
103968 | Pan      | Killed Citoizuu the pandemonium lord
104662 | Pan      | Identified the +0 ring mail of the Solstice {+Inv Will-
                  | Dex+3}
104841 | Pan      | Entered the realm of Cerebov.
105233 | Pan      | Reached skill level 10 in Hexes
105801 | Pan      | Found the +6 sword of Cerebov {flame}
105801 | Pan      | Noticed Cerebov
105844 | Pan      | Killed Cerebov
106003 | Pan      | Got a fiery rune of Zot
106119 | Pan      | Identified the amulet of Suwoideg {Spirit Rampage rCorr
                  | Dex+7 Stlth-}
106771 | Pan      | Noticed Jotoar the pandemonium lord
106797 | Pan      | Killed Jotoar the pandemonium lord
107361 | Pan      | Learned a level 4 spell: Passage of Golubria
107676 | Pan      | Found an exit through the horrors of the Abyss.
107743 | Pan      | Found a transporter.
107757 | Pan      | Paralysed by accursed screaming for 1 turns
108083 | Pan      | Found an exit through the horrors of the Abyss.
108125 | Pan      | Found a transporter.
108552 | Pan      | Gained mutation: You have a pair of small antennae on your
                  | head. [mutagenic glow]
108563 | Pan      | Gained mutation: You are vulnerable to heat. (rF-)
                  | [mutagenic glow]
108586 | Pan      | Gained mutation: You occasionally lose the ability to read
                  | scrolls when taking damage. [mutagenic glow]
108698 | Pan      | Lost mutation: You have a pair of small antennae on your
                  | head. [potion of mutation]
108698 | Pan      | Lost mutation: Your mind is acute. (Int +4, Str/Dex -1)
                  | [potion of mutation]
108698 | Pan      | Lost mutation: You possess an exceptional clarity of mind.
                  | [potion of mutation]
108698 | Pan      | Gained mutation: You have large cloven feet. [potion of
                  | mutation]
108698 | Pan      | Lost mutation: You are frail. (-10% HP) [potion of
                  | mutation]
108699 | Pan      | Lost mutation: You are vulnerable to heat. (rF-) [potion of
                  | mutation]
108699 | Pan      | Lost mutation: You are weak. (Str -2) [potion of mutation]
108699 | Pan      | Lost mutation: You are partially covered in iridescent
                  | scales. (AC +2) [potion of mutation]
108699 | Pan      | Gained mutation: Your flesh is cold resistant. (rC+)
                  | [potion of mutation]
108831 | Pan      | Lost mutation: Your flesh is cold resistant. (rC+)
                  | [mutagenic glow]
108843 | Pan      | Gained mutation: Armour fits poorly on your strangely
                  | shaped body. [mutagenic glow]
108845 | Pan      | Identified the ring of the Ban {Ice rN+}
108856 | Pan      | Identified the amulet "Orphaeri" {Harm rPois Regen+}
108863 | Pan      | Lost mutation: Armour fits poorly on your strangely shaped
                  | body. [potion of mutation]
108863 | Pan      | Lost mutation: Your natural rate of healing is unusually
                  | fast. [potion of mutation]
108863 | Pan      | Lost mutation: You occasionally lose the ability to read
                  | scrolls when taking damage. [potion of mutation]
108863 | Pan      | Gained mutation: You are frail. (-10% HP) [potion of
                  | mutation]
108863 | Pan      | Gained mutation: You do not regenerate when monsters are
                  | visible. [potion of mutation]
108863 | Pan      | Gained mutation: You have a pair of small horns on your
                  | head. [potion of mutation]
108865 | Pan      | Lost mutation: You have large cloven feet. [potion of
                  | mutation]
108865 | Pan      | Lost mutation: You have a pair of small horns on your head.
                  | [potion of mutation]
108865 | Pan      | Lost mutation: You do not regenerate when monsters are
                  | visible. [potion of mutation]
108865 | Pan      | Gained mutation: You have supernaturally acute eyesight.
                  | (SInv) [potion of mutation]
108865 | Pan      | Gained mutation: Your flesh is cold resistant. (rC+)
                  | [potion of mutation]
108865 | Pan      | Gained mutation: You have very sharp teeth. [potion of
                  | mutation]
108901 | Depths:2 | Escaped Pandemonium
108965 | Hell     | Entered the Vestibule of Hell
108965 | Hell     | Noticed Geryon
108973 | Hell     | Killed Geryon
109054 | Hell     | Found a gateway to the Iron City of Dis.
109304 | Hell     | Found a gateway to the ashen valley of Gehenna.
109448 | Hell     | Found a gateway to the decaying netherworld of Tartarus.
109516 | Hell     | Found a gateway to the freezing wastes of Cocytus.
109973 | Orc:2    | Bought the +8 orange crystal plate armour {Archmagi, Int+3
                  | Clar} for 4479 gold pieces
109973 | Orc:2    | Found the +8 orange crystal plate armour {Archmagi, Int+3
                  | Clar}
110045 | Orc:1    | Bought a potion of mutation for 112 gold pieces
110045 | Orc:1    | Bought a potion of mutation for 112 gold pieces
110289 | Vaults:2 | Bought a potion of mutation for 248 gold pieces
110289 | Vaults:2 | Bought 2 potions of mutation for 496 gold pieces
110556 | Depths:2 | Learned a level 6 spell: Summon Cactus Giant
110557 | Depths:2 | Voluntarily entered the Abyss.
110595 | Abyss:4  | Found a corrupted altar of Lugonu.
110784 | Abyss:4  | Learned a level 3 spell: Passwall
110987 | Abyss:5  | Noticed a dread lich
110999 | Abyss:5  | Killed a dread lich
111130 | Abyss:6  | Paralysed by accursed screaming for 1 turns
111221 | Abyss:6  | Got an abyssal rune of Zot
111239 | Depths:2 | Escaped the Abyss
111316 | Pan      | Entered Pandemonium
111558 | Pan      | Noticed Jiongaax the pandemonium lord
111571 | Pan      | Killed Jiongaax the pandemonium lord
112180 | Pan      | Entered the realm of Gloorx Vloq.
112307 | Pan      | Noticed Gloorx Vloq
112329 | Pan      | Killed Gloorx Vloq
112563 | Pan      | Got a dark rune of Zot
112678 | Pan      | Found an exit through the horrors of the Abyss.
113477 | Pan      | Entered the realm of Lom Lobon.
114233 | Pan      | Noticed Lom Lobon
114806 | Pan      | Killed Lom Lobon
114832 | Pan      | Got a magical rune of Zot
115602 | Pan      | Reached skill level 27 in Fighting
116310 | Pan      | Got the Parchment of Spellbinding Composition
116317 | Depths:2 | Escaped Pandemonium
116400 | Tar:1    | Entered Level 1 of Tartarus
117026 | Tar:4    | Reached skill level 27 in Invocations
117096 | Tar:5    | Reached skill level 27 in Maces & Flails
117096 | Tar:5    | Noticed a dread lich
117108 | Tar:5    | Killed a dread lich
117510 | Tar:7    | Entered Level 7 of Tartarus
118319 | Tar:7    | Identified the ring "Uluank" {Wiz Str+5}
119015 | Tar:7    | Noticed Ereshkigal
119034 | Tar:7    | Paralysed by Ereshkigal for 3 turns
119035 | Tar:7    | Killed Ereshkigal
119055 | Tar:7    | Got a bone rune of Zot
119975 | Geh:1    | Entered Level 1 of Gehenna
120829 | Geh:5    | Found a huge runed translucent gate.
120829 | Geh:5    | Found a huge runed translucent gate.
120829 | Geh:5    | Found a huge runed translucent gate.
120829 | Geh:5    | Found a huge runed translucent gate.
120838 | Geh:5    | Found a huge runed translucent gate.
120839 | Geh:5    | Found a huge runed translucent gate.
120839 | Geh:5    | Found a huge runed translucent gate.
120839 | Geh:5    | Found a huge runed translucent gate.
120839 | Geh:5    | Found a huge runed translucent gate.
120839 | Geh:5    | Found a huge runed translucent gate.
120839 | Geh:5    | Found a huge runed translucent gate.
120839 | Geh:5    | Found a huge runed translucent gate.
120840 | Geh:5    | Found a huge runed translucent gate.
120843 | Geh:5    | Found a huge runed translucent gate.
120844 | Geh:5    | Found a huge runed translucent gate.
120845 | Geh:5    | Found a huge runed translucent gate.
120845 | Geh:5    | Found a huge runed translucent gate.
120846 | Geh:5    | Found a huge runed translucent gate.
120847 | Geh:5    | Found a huge runed translucent gate.
120848 | Geh:5    | Found a huge runed translucent gate.
120849 | Geh:5    | Found a huge runed translucent gate.
120849 | Geh:5    | Found a huge runed translucent gate.
120853 | Geh:5    | Found a huge runed translucent gate.
120854 | Geh:5    | Found a huge runed translucent gate.
120855 | Geh:5    | Found a huge runed translucent gate.
120855 | Geh:5    | Found a huge runed translucent gate.
120856 | Geh:5    | Found a huge runed translucent gate.
120856 | Geh:5    | Found a huge runed translucent gate.
120859 | Geh:5    | Found a huge runed translucent gate.
120860 | Geh:5    | Found a huge runed translucent gate.
120860 | Geh:5    | Found a huge runed translucent gate.
120865 | Geh:5    | Found a huge runed translucent gate.
120866 | Geh:5    | Found a huge runed translucent gate.
120866 | Geh:5    | Found a huge runed translucent gate.
120866 | Geh:5    | Found a huge runed translucent gate.
120866 | Geh:5    | Found a huge runed translucent gate.
121385 | Geh:7    | Entered Level 7 of Gehenna
122389 | Geh:7    | Found the +13 sceptre of Asmodeus
122389 | Geh:7    | Noticed Asmodeus
122418 | Geh:7    | Killed Asmodeus
122443 | Geh:7    | Identified the ring "Omeladas" {Ice Int+3}
122447 | Geh:7    | Identified the +0 robe of the Maze {+Blink Int-2 Stlth+}
122503 | Geh:7    | Identified the staff of Yrhegg {rPois Str-2 Fire Earth}
122526 | Geh:7    | Got an obsidian rune of Zot
123005 | Coc:1    | Entered Level 1 of Cocytus
123109 | Coc:2    | Paralysed by a wendigo for 1 turns
123381 | Coc:3    | Paralysed by a wendigo for 1 turns
123496 | Coc:4    | Paralysed by a wendigo for 1 turns
123514 | Coc:5    | Paralysed by a wendigo for 1 turns
124077 | Coc:7    | Entered Level 7 of Cocytus
124106 | Coc:7    | Paralysed by a wendigo for 1 turns
125334 | Coc:7    | Paralysed by a wendigo for 1 turns
125432 | Coc:7    | Paralysed by a wendigo for 1 turns
125448 | Coc:7    | Paralysed by a wendigo for 1 turns
125483 | Coc:7    | Paralysed by a wendigo for 1 turns
125490 | Coc:7    | Paralysed by a wendigo for 1 turns
125496 | Coc:7    | Paralysed by a wendigo for 1 turns
125501 | Coc:7    | Paralysed by a wendigo for 1 turns
126113 | Coc:7    | Noticed Antaeus
126138 | Coc:7    | Killed Antaeus
126281 | Coc:7    | Got an icy rune of Zot
126310 | Coc:7    | Identified the staff "Paggyab" {rC+ rCorr Ice}
126657 | Dis:1    | Entered Level 1 of the Iron City of Dis
127747 | Dis:5    | Reached skill level 15 in Spellcasting
127766 | Dis:5    | You are sucked into a shaft and drop 1 floor!
128389 | Dis:7    | Entered Level 7 of the Iron City of Dis
128508 | Dis:7    | Learned a level 5 spell: Yara's Violent Unravelling
128696 | Dis:7    | Reached skill level 1 in Alchemy
129490 | Dis:7    | Reached skill level 5 in Alchemy
129732 | Dis:7    | Found the +7 great mace "Undeadhunter" {deathbane, rN+}
129826 | Dis:7    | Identified the ring "Faqoweideisu" {Fly Will++}
130085 | Dis:7    | Learned a level 3 spell: Maxwell's Portable Piledriver
130138 | Dis:7    | Identified the ring "Ethaghov" {rN+ Str+6}
130206 | Dis:7    | Identified the ring "Fuaps" {rF- Will+ Dex+3 SInv}
130207 | Dis:7    | Identified the +3 quarterstaff of Dividends {freeze, rF+++
                  | Dex+2}
130269 | Dis:7    | Identified the +7 long sword of Makhleb's Regard {flame,
                  | *Noise Fly rC+++}
130273 | Dis:7    | Noticed Dispater
130301 | Dis:7    | Killed Dispater
130302 | Dis:7    | Reached skill level 27 in Shields
130335 | Dis:7    | Got an iron rune of Zot
131085 | Tomb:1   | Noticed a royal mummy
131095 | Tomb:1   | Killed a royal mummy
131108 | Tomb:1   | Noticed a royal mummy
131165 | Tomb:1   | Killed a royal mummy
131184 | Tomb:1   | Reached skill level 15 in Dodging
131188 | Tomb:1   | Noticed a royal mummy
131206 | Tomb:1   | Killed a royal mummy
132247 | Tomb:2   | Noticed a royal mummy
132250 | Tomb:2   | Noticed a royal mummy
132254 | Tomb:2   | Noticed a royal mummy
132255 | Tomb:2   | Noticed a royal mummy
132314 | Tomb:2   | Noticed a royal mummy
132317 | Tomb:2   | Identified the +6 dire flail of Tenacity {heavy, Str+2
                  | SInv}
132354 | Tomb:2   | Gained mutation: You occasionally shout uncontrollably at
                  | your foes. [mutagenic glow]
132368 | Tomb:2   | Gained mutation: You are dopey. (Int -2) [mutagenic glow]
132371 | Tomb:2   | Killed a royal mummy
132383 | Tomb:2   | Killed a royal mummy
132393 | Tomb:2   | Killed a royal mummy
132423 | Tomb:2   | Killed a royal mummy
132436 | Tomb:2   | Killed a royal mummy
132828 | Tomb:1   | Noticed a royal mummy
132837 | Tomb:1   | Killed a royal mummy
132859 | Tomb:1   | Noticed a royal mummy
132867 | Tomb:1   | Killed a royal mummy
132870 | Tomb:1   | Noticed a royal mummy
132881 | Tomb:1   | Killed a royal mummy
132883 | Tomb:1   | Noticed a royal mummy
132892 | Tomb:1   | Killed a royal mummy
132907 | Tomb:1   | Noticed a royal mummy
132916 | Tomb:1   | Killed a royal mummy
132928 | Tomb:1   | Noticed a royal mummy
132941 | Tomb:1   | Killed a royal mummy
133169 | Tomb:1   | Lost mutation: You are dopey. (Int -2) [potion of mutation]
133169 | Tomb:1   | Lost mutation: Your flesh is cold resistant. (rC+) [potion
                  | of mutation]
133169 | Tomb:1   | Lost mutation: You have very sharp teeth. [potion of
                  | mutation]
133169 | Tomb:1   | Gained mutation: You are partially covered in iridescent
                  | scales. (AC +2) [potion of mutation]
133169 | Tomb:1   | Gained mutation: You are somewhat resistant to further
                  | mutation. [potion of mutation]
133170 | Tomb:1   | Lost mutation: You are somewhat resistant to further
                  | mutation. [potion of mutation]
133170 | Tomb:1   | Lost mutation: You are partially covered in iridescent
                  | scales. (AC +2) [potion of mutation]
133170 | Tomb:1   | Lost mutation: You occasionally shout uncontrollably at
                  | your foes. [potion of mutation]
133170 | Tomb:1   | Gained mutation: You possess an exceptional clarity of
                  | mind. [potion of mutation]
133170 | Tomb:1   | Gained mutation: Your mind is acute. (Int +4, Str/Dex -1)
                  | [potion of mutation]
133170 | Tomb:1   | Gained mutation: You occasionally lose the ability to drink
                  | potions when taking damage. [potion of mutation]
133170 | Tomb:1   | Gained mutation: You are partially covered in iridescent
                  | scales. (AC +2) [potion of mutation]
133171 | Tomb:1   | Lost mutation: You are partially covered in iridescent
                  | scales. (AC +2) [potion of mutation]
133171 | Tomb:1   | Lost mutation: You occasionally lose the ability to drink
                  | potions when taking damage. [potion of mutation]
133171 | Tomb:1   | Gained mutation: You are partially covered in iridescent
                  | scales. (AC +2) [potion of mutation]
133171 | Tomb:1   | Gained mutation: Your magical capacity is low. (-10% MP)
                  | [potion of mutation]
133171 | Tomb:1   | Gained mutation: You have large cloven feet. [potion of
                  | mutation]
133172 | Tomb:1   | Lost mutation: You are frail. (-10% HP) [potion of
                  | mutation]
133172 | Tomb:1   | Lost mutation: You have large cloven feet. [potion of
                  | mutation]
133172 | Tomb:1   | Gained mutation: You occasionally lose the ability to drink
                  | potions when taking damage. [potion of mutation]
133173 | Tomb:1   | Lost mutation: You have supernaturally acute eyesight.
                  | (SInv) [potion of mutation]
133173 | Tomb:1   | Lost mutation: You occasionally lose the ability to drink
                  | potions when taking damage. [potion of mutation]
133173 | Tomb:1   | Lost mutation: Your magical capacity is low. (-10% MP)
                  | [potion of mutation]
133173 | Tomb:1   | Gained mutation: Your flesh is cold resistant. (rC+)
                  | [potion of mutation]
133208 | Tomb:1   | Noticed a royal mummy
133209 | Tomb:1   | Noticed a royal mummy
133260 | Tomb:1   | Killed a royal mummy
133261 | Tomb:1   | Reached skill level 1 in Stealth
133268 | Tomb:1   | Killed a royal mummy
133549 | Tomb:1   | Noticed a royal mummy
133563 | Tomb:1   | Killed a royal mummy
133571 | Tomb:1   | Noticed a royal mummy
133587 | Tomb:1   | Noticed a royal mummy
133594 | Tomb:1   | Killed a royal mummy
133604 | Tomb:1   | Killed a royal mummy
133737 | Tomb:1   | Noticed a royal mummy
133749 | Tomb:1   | Killed a royal mummy
133754 | Tomb:1   | Noticed a royal mummy
133765 | Tomb:1   | Killed a royal mummy
133943 | Tomb:1   | Noticed a royal mummy
133951 | Tomb:1   | Killed a royal mummy
133970 | Tomb:1   | Noticed a royal mummy
133985 | Tomb:1   | Killed a royal mummy
134065 | Tomb:1   | Noticed a royal mummy
134185 | Tomb:1   | Noticed a royal mummy
134198 | Tomb:1   | Killed a royal mummy
134211 | Tomb:1   | Noticed a royal mummy
134216 | Tomb:1   | Killed a royal mummy
134222 | Tomb:1   | Killed a royal mummy
134223 | Tomb:1   | Reached skill level 5 in Stealth
134317 | Tomb:1   | Noticed a royal mummy
134366 | Tomb:1   | Killed a royal mummy
134461 | Tomb:1   | Noticed a royal mummy
134474 | Tomb:1   | Noticed a royal mummy
134489 | Tomb:1   | Killed a royal mummy
134496 | Tomb:1   | Killed a royal mummy
134783 | Tomb:3   | Entered Level 3 of the Tomb of the Ancients
134808 | Tomb:3   | Noticed a royal mummy
134821 | Tomb:3   | Noticed a royal mummy
134834 | Tomb:3   | Killed a royal mummy
134845 | Tomb:3   | Noticed a royal mummy
134859 | Tomb:3   | Reached skill level 27 in Armour
134862 | Tomb:3   | Noticed a royal mummy
134874 | Tomb:3   | Killed a royal mummy
134888 | Tomb:3   | Noticed a royal mummy
134889 | Tomb:3   | Noticed a royal mummy
134896 | Tomb:3   | Killed a royal mummy
134896 | Tomb:3   | HP: 2/273 [something (29)]
134901 | Tomb:3   | Noticed a royal mummy
134902 | Tomb:3   | HP: 12/273 [emperor scorpion[a royal mummy] (2)]
134905 | Tomb:3   | Noticed a royal mummy
134906 | Tomb:3   | Noticed a royal mummy
134957 | Tomb:3   | Got a golden rune of Zot
134983 | Tomb:3   | Killed a royal mummy
134997 | Tomb:3   | Killed a royal mummy
135012 | Tomb:3   | Killed a royal mummy
135077 | Tomb:3   | Killed a royal mummy
135399 | Tomb:3   | Killed a royal mummy
135425 | Tomb:3   | Killed a royal mummy
135430 | Tomb:3   | Found the +5 Storm Queen's Shield {shock, Fly rElec}
135433 | Tomb:3   | Found the +9 sword of Zonguldrok {reap}
135784 | Tomb:3   | Identified the ring of No Interval {rPois Str+6 Int+6}
135890 | Tomb:3   | Identified the +2 helmet "Corchuih" {rElec rF++ Will-
                  | Str-2}
135901 | Tomb:3   | Identified the +1 leather armour "Himufol" {Rampage rF+}
135910 | Tomb:3   | Identified the scarf "Ruscha" {harm, Dex+2 Stlth+}
135913 | Tomb:3   | Identified the +3 short sword of Luac {vamp, rElec rPois
                  | Will+ rCorr}
135962 | Tomb:3   | Identified the +1 flail "Orb Guardian's Bane" {drain,
                  | ^Fragile rElec rPois Str+5}
137827 | Zot:5    | Entered Level 5 of the Realm of Zot
137827 | Zot:5    | Found a transporter.
137827 | Zot:5    | Found a transporter.
137827 | Zot:5    | Found a transporter.
137831 | Zot:5    | Found a transporter.
137888 | Zot:5    | Found a transporter.
137895 | Zot:5    | Found a transporter.
138008 | Zot:5    | Noticed a dread lich
138019 | Zot:5    | Killed a dread lich
138032 | Zot:5    | Noticed an ancient lich
138042 | Zot:5    | Killed an ancient lich
138047 | Zot:5    | Noticed a dread lich
138058 | Zot:5    | Killed a dread lich
138061 | Zot:5    | Noticed an orb of fire
138061 | Zot:5    | Noticed a dread lich
138061 | Zot:5    | Noticed an orb of fire
138062 | Zot:5    | Noticed an ancient lich
138103 | Zot:5    | Noticed an orb of fire
138121 | Zot:5    | Killed an orb of fire
138364 | Zot:5    | Noticed an orb of fire
138366 | Zot:5    | Gained mutation: You are vulnerable to heat. (rF-) [an orb
                  | of fire]
138376 | Zot:5    | Gained mutation: Your health recovers twice as slowly from
                  | being drained. [an orb of fire]
138386 | Zot:5    | Killed an orb of fire
138398 | Zot:5    | Lost mutation: You are partially covered in iridescent
                  | scales. (AC +2) [potion of mutation]
138398 | Zot:5    | Lost mutation: Your mind is acute. (Int +4, Str/Dex -1)
                  | [potion of mutation]
138398 | Zot:5    | Gained mutation: You are partially covered in iridescent
                  | scales. (AC +2) [potion of mutation]
138398 | Zot:5    | Lost mutation: Your health recovers twice as slowly from
                  | being drained. [potion of mutation]
138398 | Zot:5    | Gained mutation: Your system is resistant to poisons.
                  | (rPois) [potion of mutation]
138470 | Zot:5    | Killed a dread lich
138665 | Zot:5    | Lost mutation: You possess an exceptional clarity of mind.
                  | [an orb of fire]
138674 | Zot:5    | Gained mutation: You are clumsy. (Dex -2) [an orb of fire]
138694 | Zot:5    | Killed an orb of fire
138696 | Zot:5    | Noticed an ancient lich
138706 | Zot:5    | Killed an ancient lich
138709 | Zot:5    | Noticed an orb of fire
138711 | Zot:5    | Gained mutation: You sometimes lose your temper in combat.
                  | [an orb of fire]
138717 | Zot:5    | Lost mutation: You are partially covered in iridescent
                  | scales. (AC +2) [an orb of fire]
138722 | Zot:5    | Gained mutation: You have an uncontrollable temper. [an orb
                  | of fire]
138723 | Zot:5    | Killed an orb of fire
138746 | Zot:5    | Killed an orb of fire
138756 | Zot:5    | Killed an ancient lich
138797 | Zot:5    | Got the Orb of Zot
139562 | D:$      | Escaped with the Orb!

Illustrated notes

Levels and vault maps discovered:
D:1:      dpeg_cavernosity, layout_rooms,
          hellmonk_ecumenical_altar_inner_sanctum, serial_shops,
          nicolae_shop_tiny_waterfront, minmay_nonomino_d4
D:2:      wad_woods_tower, layout_loops_corners
D:3:      minmay_general_purpose_star, layout_basic
D:4:      layout_basic, lightli_temple_of_fire, minmay_cupped
D:5:      layout_layer_cave, jmf_multi_god_temple2, kennysheep_generic_room_16
D:6:      layout_loops_corners, minmay_temple_entry_waves,
          minmay_fractal_squares_diagonal_5
D:7:      layout_cave_pools, uniq_maurice
D:8:      hangedman_cross_veins, layout_cave_pools,
          mainiacjoe_overflow_cross_hatched, enter_bailey_8, special_room
          [special_room_orc], corexii_hall_statues_s,
          hangedman_decor_clover_reticule, nicolae_diode_intersection,
          uniq_maggie
D:9:      layout_stronghold, mainiacjoe_overflow_divided_tiny, serial_shops,
          shop, uniq_prince_ribbit1, uniq_jeremiah
D:10:     layout_long_grid, nicolae_wu_jian_wuxing_cycle, dpeg_lair_monsters,
          serial_ice, serial_ice_l, serial_ice_d, serial_ice_h, serial_ice_n,
          serial_ice_b, serial_ice_g, serial_ice_o, uniq_psyche, uniq_josephine
D:11:     layout_stronghold, erik_orc_1
D:12:     layout_roguey, ebering_ghost_rock_garden, serial_bayou,
          serial_bayou_pond_d, serial_bayou_pond_a, serial_bayou_shore_b,
          serial_bayou_crossing, serial_bayou_pond_a, serial_bayou_pond_b
D:13:     layout_loops_ring, david_vaults_2, serial_aquarium,
          aquarium_bridge_square [aquarium_subvault_bridge,
          aquarium_subvault_bridge, aquarium_subvault_bridge,
          aquarium_subvault_bridge], aquarium_window_corridor_1,
          aquarium_window_fake, aquarium_view_4, aquarium_view_2d,
          aquarium_balcony_3a
D:14:     layout_grid_maze, elyvilon_altar_4,
          nicolae_shop_distant_corner_stores, nicolae_inconvenience_store,
          minmay_fire_ice_demons
D:15:     hangedman_depths_entry_civil_slaughter, layout_cave_pools,
          minmay_misc_feat_cross, uniq_agnes
Temple:   minmay_freezing_vapour_temple
Lair:1:   layout_hall_layers, beast_lair_carwin_9
Lair:2:   layout_roguey, spider_nest_entry_web_field, special_room
          [special_room_bee], serial_bayou, serial_bayou_shore_a,
          serial_bayou_ford_a, serial_bayou_pond_a, serial_bayou_pond_e,
          serial_bayou_pond_c, infiniplex_staircase_pool, serial_bayou_shore_b,
          uniq_urug
Lair:3:   layout_loops_ring, minmay_shoals_entry_beasts,
          portal_ice_cave_entry_pillars_2, minivault_26
Lair:4:   layout_cellular_growth, lemuel_fruit_tree, grunt_megastairs_5
Lair:5:   hellmonk_lair_end_abyssal_woods, layout_cave_pods,
          nicolae_slime_entry_field_trip, minmay_stone_trees_medium,
          nicolae_quartered_pool_little, nicolae_lair_yak_garden,
          infiniplex_staircase_pool_2
Shoals:1: nicolae_shoals_lighthouse, layout_shoals, uniq_donald
Shoals:2: layout_shoals, uniq_roxanne
Shoals:3: nicolae_shoals_deep_elves_summer_vacation, layout_shoals,
          nicolae_shop_vocational, uniq_polyphemus
Shoals:4: shoals_end_grunt_garden, layout_shoals, shoal_ilsuiw, serial_shops,
          nicolae_shop_window_shopping
Spider:1: layout_spider_delve, uniq_aizul, uniq_asterion
Spider:2: gammafunk_sealed_arena, drop_trap, uniq_arachne, uniq_jorgrun,
          uniq_louise
Spider:3: layout_spider_delve, drop_trap
Spider:4: grunt_spider_rune_circles
Slime:1:  layout_caves
Slime:2:  layout_caves, nicolae_slime_getting_an_eyeful
Slime:3:  layout_caves, nicolae_slime_rock_hall_of_fame
Slime:4:  layout_caves
Slime:5:  slime_pit_nicolae_trefoil
Orc:1:    layout_diamond_mine, lightli_volcano_entry_magma_tube, serial_shops,
          nicolae_shop_tiny_waterfront
Orc:2:    st_orc_mages, layout_caves, uniq_rupert
Elf:1:    layout_gridlike, serial_shops, shop, mu_enter_wizlab_4,
          minmay_elf_annihilation
Elf:2:    nicolae_elf_blades_splatter_lattice [nicolae_blade_entry_antechamber],
          layout_geoelf_diagonals, hellmonk_ghost_happy_afterlife, serial_shops,
          shop, minmay_shop_star
Elf:3:    elf_hall, layout_loops_cross, special_room [special_room_orc],
          lemuel_flamethrower_3
Vaults:1: nicolae_vaults_windows_and_doors_thing, ontoclasm_vaults_tryst,
          vaults_room_door_ring, ontoclasm_vaults_ring_small,
          lemuel_angel_altar, ontoclasm_vaults_eye, v_misc_22,
          serial_library_regret_index_small_wings, grunt_vaults_hallway_long,
          nicolae_vaults_turnstiles, ontoclasm_vaults_hangar, v_alt_pattern_2,
          nicolae_vaults_variable_pillar_hall, v_misc_27, layout_vaults_ring
Vaults:2: nicolae_vaults_cochlea, hangedman_vaults_hat, nicolae_vaults_alarming,
          vaults_standard_mumra_x, ontoclasm_vaults_ring_small,
          ontoclasm_vaults_idyll, nicolae_vaults_storage_closets_1,
          grunt_vaults_hallway_short, v_alt_pattern_3,
          ontoclasm_vaults_ring_small, dpeg_vaults_monster_box,
          vaults_room_door_hall, layout_vaults_quadrants, serial_shops, shop
Vaults:3: nicolae_vaults_hexular_roomagon, grunt_vaults_funnel,
          nicolae_vaults_two_Ls, hangedman_vaults_impose,
          minmay_crypt_entry_simple_round, serial_library_hellmonk_semicircle,
          hangedman_vaults_unwind, hangedman_vaults_stretched_pinwheel,
          hangedman_vaults_slice, hangedman_vaults_trim, hangedman_vaults_locks,
          vaults_room_grid, nicolae_vaults_tetromino_Z_2,
          nicolae_vaults_trapezoid_lopsided_4, vaults_room_corners,
          vaults_room_hallway, nicolae_vaults_house_1, layout_vaults_big_cross,
          serial_shops, shop
Vaults:4: gammafunk_ghost_grave, nicolae_vaults_heist,
          vaults_standard_mumra_enter_the_diamond, v_misc_10,
          hangedman_vaults_corner_blocks, v_alt_pattern_3,
          nicolae_vaults_sealed_display, nicolae_vaults_more_shelving_1,
          nicolae_vaults_closet_pinwheel_1, nicolae_vaults_little_squares_3,
          layout_vaults_big_room, serial_shops, shop
Vaults:5: uniq_bai_suzhen
Crypt:1:  layout_rooms
Crypt:2:  layout_misc_corridors, gammafunk_ghost_crypt, st_stairs_8,
          grunt_megastairs_4
Crypt:3:  due_elkab, layout_chaotic_city, tomb_entry_shell_bobbens
Tomb:1
Tomb:2
Tomb:3
Depths:1: layout_honeycomb, hell_entry, kennysheep_treasure_room, uniq_nikola,
          uniq_sojobo
Depths:2: minmay_connected_boxes_in_corner, layout_basic,
          rand_demon_pan_entry_9, abyss_entry_small_statue_room,
          pf_dread_powers_of_hell, trog_three_pillars_becter,
          gammafunk_ghost_smash, infiniplex_staircase_spiral_double,
          uniq_saint_roka
Depths:3: evilmike_marble_ring, layout_long_grid, serial_shops, shop, shop,
          muffindrake_ghost_dead_mans_drink, minmay_room_of_horrors, hell_entry,
          serial_bayou_shore_b, roderic_roman_lattice, minmay_staircase_statues
Depths:4: lemuel_castle_with_subvaults [lemuel_castle_interior_carwin_3],
          layout_cave_shapes, enter_ziggurat_d, grunt_hell_entry_dis_grunt,
          serial_shops, nicolae_shop_tiny_statue_garden, shop, pandoras_box_mu,
          infiniplex_staircase_pool_lava
Hell
Dis:1:    layout_jigsaw
Dis:2:    layout_regular_city
Dis:3:    layout_subdivisions, nicolae_dis_scattering
Dis:4:    layout_gridville
Dis:5:    layout_subdivisions
Dis:6:    layout_regular_city, nicolae_dis_spooky_hallway
Dis:7:    iron_city_of_dis [dis_grunt, dis_wall_5], layout_gridville
Geh:1:    layout_gehenna_lava_caves
Geh:2:    layout_gehenna_lava_caves
Geh:3:    layout_gehenna_pools_basic
Geh:4:    layout_gehenna_lava_caves
Geh:5:    layout_gehenna_pools_basic, not_door_vault_due
Geh:6:    layout_gehenna_lava_caves
Geh:7:    geh_mu
Coc:1:    layout_cocytus_water_paths
Coc:2:    layout_cocytus_water_paths
Coc:3:    layout_cocytus_delve
Coc:4:    layout_ice_bergs
Coc:5:    layout_cocytus_water_paths
Coc:6:    layout_cocytus_delve
Coc:7:    coc_grunt_cove [coc_grunt_cove_antaeus, coc_grunt_cove_fiend,
          coc_grunt_cove_fiend, coc_grunt_cove_fiend, coc_grunt_cove_fiend]
Tar:1:    layout_honeycomb
Tar:2:    layout_honeycomb, lemuel_nasty_fountain
Tar:3:    layout_honeycomb, nicolae_tar_cuneiform_to_be,
          nicolae_hells_seeping_fissure
Tar:4:    layout_grid_maze
Tar:5:    layout_grid_maze
Tar:6:    layout_cathedral_of_symmetry
Tar:7:    tar_mu [tar_mu_maze]
Zot:1:    layout_basic, hangedman_zot_decor_unnerving_road, uniq_josephina
Zot:2:    layout_cathedral_of_symmetry, grunt_ministairs_7
Zot:3:    layout_basic, regret_index_zotdec_ex, lemuel_elevator, uniq_parghit
Zot:4:    layout_basic
Zot:5:    layout_basic, serial_nicolae_subway, nicolae_sub_station_metal,
          nicolae_sub_station_stone, nicolae_sub_station_crystal

Skill      XL: |  1  2  3  4  5  6  7  8  9 10 11 12 13 14 15 16 17 18 19 20 21 22 23 24 25 26 27 |
---------------+----------------------------------------------------------------------------------+-----
Maces & Flails | 3 4 5 7 8 10 11 13 16 17 18 19 20 27 | 27.0
Fighting       | 4 5 7 8 9 11 12 14 16 17 18 20 21 22 23 27 | 27.0
Evocations     | 1 2 3 5 6 8 9 10 11 14 16 18 23 | 23.5
Invocations    | 3 5 7 8 10 12 14 15 16 18 21 22 23 27 | 27.0
Armour         | 5 9 11 13 14 15 16 17 18 19 20 27 | 27.0
Shields        | 5 8 10 12 14 15 18 19 20 21 22 27 | 27.0
Throwing       | 3 6 8 9 10 11 | 11.7
Spellcasting   | 5 8 10 11 18 | 18.0
Translocations | 5 8 11 12 13 14 16 19 | 19.5
Air Magic      | 3 6 8 |  8.0
Dodging        | 5 7 16 | 16.9
Summonings     | 7 11 | 11.0
Earth Magic    | 6 |  6.0
Hexes          | 11 | 11.6
Alchemy        | 5 |  5.0
Stealth        | 5 |  5.2
Axes           | |  0.2

Action                     |  1- 3 |  4- 6 |  7- 9 | 10-12 | 13-15 | 16-18 | 19-21 | 22-24 | 25-27 || total
---------------------------+-------+-------+-------+-------+-------+-------+-------+-------+-------++-------
  Melee: Flail             |   139 |   100 |       |    69 |       |       |       |       |       ||   308
         Morningstar       |       |   137 |   256 |   556 |  1389 |   342 |       |       |  2012 ||  4692
         Glaive            |       |       |       |    62 |       |       |       |       |       ||    62
         Eveningstar       |       |       |       |       |       |   619 |   194 |       |       ||   813
         Sacred scourge    |       |       |       |       |       |   615 |  1793 |  2619 |  5823 || 10850
         Bite              |       |       |       |       |       |       |       |       |   796 ||   796
  Throw: Boomerang         |       |       |     1 |    62 |    11 |   477 |   184 |    62 |    54 ||   851
         Javelin           |       |       |       |    47 |    30 |    11 |    16 |     5 |    10 ||   119
         Throwing net      |       |       |       |       |       |     3 |     1 |       |       ||     4
   Cast: Maxwell's Portabl |       |       |       |       |       |       |     6 |       |     1 ||     7
         Vhi's Electric Ch |       |       |       |       |       |       |    21 |   251 |   848 ||  1120
         Gell's Gavotte    |       |       |       |       |       |       |     1 |     5 |    10 ||    16
         Dispersal         |       |       |       |       |       |       |       |    42 |    23 ||    65
         Blink             |       |       |       |       |       |       |       |     5 |    15 ||    20
         Manifold Assault  |       |       |       |       |       |       |       |    18 |   247 ||   265
         Summon Forest     |       |       |       |       |       |       |       |       |     9 ||     9
         Animate Armour    |       |       |       |       |       |       |       |       |   119 ||   119
         Summon Cactus Gia |       |       |       |       |       |       |       |       |    38 ||    38
         Silence           |       |       |       |       |       |       |       |       |    14 ||    14
         Yara's Violent Un |       |       |       |       |       |       |       |       |    14 ||    14
         Passwall          |       |       |       |       |       |       |       |       |     6 ||     6
         Passage of Golubr |       |       |       |       |       |       |       |       |     3 ||     3
 Invoke: Divine Shield     |       |       |     3 |     3 |    11 |    15 |    19 |     7 |    45 ||   103
         Summon Divine War |       |       |       |       |     3 |    11 |    18 |     9 |    70 ||   111
         Cleansing Flame   |       |       |       |       |     6 |     1 |     4 |     1 |     8 ||    20
         Brand Weapon With |       |       |       |       |       |     1 |       |       |       ||     1
  Evoke: Wand              |       |     1 |     9 |    19 |    14 |    25 |     8 |    24 |    27 ||   127
         Condenser vane    |       |       |       |       |       |     3 |     5 |     3 |     7 ||    18
         Lightning rod     |       |       |       |       |       |       |    14 |     4 |     2 ||    20
         Sack of spiders   |       |       |       |       |       |       |     2 |     1 |     6 ||     9
         Gell's gravitambo |       |       |       |       |       |       |     3 |     2 |     8 ||    13
    Use: Scroll            |       |     1 |     9 |    18 |    14 |    11 |    10 |     7 |    63 ||   133
         Potion            |       |     1 |     3 |     3 |     6 |    13 |    13 |    12 |    80 ||   131
   Stab: Paralysed         |       |     3 |     6 |       |       |       |       |       |       ||     9
 Armour: Scale mail        |   106 |   211 |    75 |       |       |       |       |       |       ||   392
         Chain mail        |       |       |    75 |       |    53 |       |       |       |       ||   128
         Plate armour      |       |       |   146 |   778 |  1147 |  1111 |  1063 |   269 |       ||  4514
         Ring mail         |       |       |       |       |       |   292 |       |       |       ||   292
         Storm dragon scal |       |       |       |       |       |       |       |   559 |    17 ||   576
         Quicksilver drago |       |       |       |       |       |       |       |   280 |   556 ||   836
         Gold dragon scale |       |       |       |       |       |       |       |       |   655 ||   655
         Crystal plate arm |       |       |       |       |       |       |       |       |  1545 ||  1545
  Dodge: Dodged            |    70 |   108 |   100 |   238 |   331 |   458 |   227 |   349 |   885 ||  2766
  Block: Buckler           |    26 |    61 |   115 |   111 |    26 |       |       |       |       ||   339
         Other             |       |       |       |    10 |       |       |       |       |       ||    10
         Kite shield       |       |       |       |       |   776 |   802 |       |       |   413 ||  1991
         Reflection        |       |       |       |       |       |    33 |       |       |       ||    33
         Tower shield      |       |       |       |       |       |   454 |  1516 |  1522 |  5955 ||  9447

Table legend: (Time is in decaauts)
 A = Elapsed time spent in this place.
 B = Non-inter-level travel time spent in this place.
 C = Inter-level travel time spent in this place.
 D = Time resting spent in this place.
 E = Time spent auto-exploring this place.
 F = Levels seen in this place.
 G = Mean time per level.
                   A        B        C        D        E       F      G
               +--------+--------+--------+--------+--------+-----+--------+
         Total | 134918 | 119998 |  14920 |  20430 |  66154 | 113 | 1194.0 |
       Dungeon |  23004 |  18045 |   4959 |    925 |  13703 |  15 | 1533.6 |
        Temple |     20 |     16 |      4 |      0 |      0 |   1 |   20.0 |
          Lair |   8444 |   7524 |    920 |    664 |   5604 |   5 | 1688.8 |
        Shoals |   8474 |   7993 |    481 |   1426 |   4884 |   4 | 2118.5 |
   Spider Nest |   5150 |   4746 |    404 |    404 |   2996 |   4 | 1287.5 |
    Slime Pits |   3782 |   3596 |    186 |   1075 |   1643 |   5 |  756.4 |
  Orcish Mines |   2287 |   1726 |    561 |    211 |   1135 |   2 | 1143.5 |
   Elven Halls |   4180 |   3856 |    324 |    684 |   1970 |   3 | 1393.3 |
        Vaults |  14254 |  11900 |   2354 |   1173 |   8195 |   5 | 2850.8 |
         Crypt |   3753 |   3261 |    492 |      0 |   2487 |   3 | 1251.0 |
          Tomb |   5352 |   4999 |    353 |   2359 |    237 |   3 | 1784.0 |
        Depths |  15114 |  12468 |   2646 |   2816 |   6711 |   4 | 3778.5 |
          Hell |    930 |    735 |    195 |      0 |    498 |   1 |  930.0 |
           Dis |   3486 |   3339 |    147 |   1627 |      2 |   7 |  498.0 |
       Gehenna |   2538 |   2297 |    241 |    524 |    278 |   7 |  362.6 |
       Cocytus |   3277 |   3228 |     49 |   1782 |    229 |   7 |  468.1 |
      Tartarus |   3274 |   3201 |     73 |    567 |    873 |   7 |  467.7 |
           Zot |   7973 |   7451 |    522 |   1609 |   3905 |   5 | 1594.6 |
         Abyss |   1235 |   1235 |      0 |    184 |     28 |   8 |  154.4 |
   Pandemonium |  15544 |  15544 |      0 |   1274 |   9960 |  14 | 1110.3 |
        Bailey |   1931 |   1931 |      0 |    667 |    550 |   1 | 1931.0 |
      Ice Cave |    574 |    574 |      0 |    454 |      0 |   1 |  574.0 |
       Volcano |    333 |    333 |      0 |      0 |    262 |   1 |  333.0 |
               +--------+--------+--------+--------+--------+-----+--------+

Top non-repeatable levels by time:
Depths:3: 5155 daAuts
Depths:2: 3975 daAuts
Vaults:2: 3521 daAuts
  Tomb:1: 3500 daAuts
Vaults:1: 3061 daAuts
Depths:4: 3060 daAuts
Depths:1: 2922 daAuts
Vaults:3: 2829 daAuts
Shoals:3: 2827 daAuts
Shoals:1: 2641 daAuts
  Lair:5: 2540 daAuts
Vaults:4: 2499 daAuts
Vaults:5: 2341 daAuts
   Coc:7: 2261 daAuts
    D:13: 2227 daAuts
